 Dungeon Crawl Stone Soup version 0.30-a0-726-gd89dcf7 (webtiles) character file.

Game seed: 9229459947483883571

3781195 MinotaursOnly the Executioner (level 26, 216/236 HPs)
             Began as a Minotaur Gladiator on Jan 29, 2023.
             Was the Champion of Jiyva.
             Escaped with the Orb
             ... and 5 runes!
             The game lasted 02:13:30 (54401 turns).

MinotaursOnly the Executioner (Minotaur Gladiator) Turns: 54401, Time: 02:13:32

Health: 216/236    AC: 24    Str: 39    XL:     26   Next: 60%
Magic:  27/27      EV: 23    Int: 10    God:    Jiyva [******]
Gold:   2331       SH: 19    Dex: 15    Spells: 25/25 levels left

rFire   + + +      SeeInvis +    g - +7 broad axe (vamp)
rCold   x . .      Faith    .    A - +3 kite shield {reflect}
rNeg    . . .      Spirit   +    T - +4 moon troll leather armour {Spirit, Regen++ MP+5}
rPois   +          Reflect  +    (helmet restricted)
rElec   +          Harm     .    L - +2 cloak "Cutris" {rPois rF++ rC- Int+2}
rCorr   +          Rampage  .    X - +1 pair of gloves of Doutruqo {Dex+6}
Will    ++++.                    O - +2 pair of boots {Fly}
Stlth   ++                       Y - amulet of Mybunty {Will+++ Regen+ rCorr Int-5 Dex-4}
HPRegen 5.39/turn                V - ring "Luomuut" {rElec Str+6 Int+3}
MPRegen 0.70/turn                s - ring of the Clam {rF+ Int+6 SInv}

@: flying
A: horns 2, retaliatory headbutt, iridescent scales 1, fire resistance 3,
regeneration 1, strong 1, translucent skin 1, MP-powered wands
0: Orb of Zot
}: 5/15 runes: barnacled, slimy, silver, abyssal, gossamer
a: Renounce Religion, Oozemancy, Slimify


You escaped.
You worshipped Jiyva.
Jiyva was exalted by your worship.
You visited 12 branches of the dungeon, and saw 56 of its levels.
You visited the Abyss 1 time.
You also visited: Gauntlet.

You collected 7606 gold pieces.
You spent 5275 gold pieces at shops.

Inventory:

Hand Weapons
 g - a +7 vampiric broad axe (weapon)
 J - the +7 great mace "Undeadhunter" {deathbane, rN+}
   (You found it on level 3 of the Crypt)

   rN:        It protects you from negative energy.
 Q - the +11 Singing Sword {sonic wave}
   (You took it off a deep elf demonologist on level 3 of the Elven Halls)
Armour
 r - the +2 hat of the Bear Spirit {Spirit, Bear, *Rage Will++}
   (You found it on level 5 of the Vaults)

   Bear:      Going berserk makes the wearer tougher, and they're slowed less
   afterward.
   *Rage:     It berserks you when you make melee attacks (+20% chance).
   Will:      It greatly increases your willpower.
 A - a +3 kite shield of reflection (worn)
 F - the +15 Maxwell's patent armour {-Cast -Tele rElec Will+ rCorr}
   (You took it off an orc on level 5 of the Vaults)

   rElec:     It insulates you from electricity.
   -Cast:     It prevents spellcasting.
   -Tele:     It prevents most forms of teleportation.
   rCorr:     It protects you from acid and corrosion.
   Will:      It increases your willpower.
 L - the +2 cloak "Cutris" (worn) {rPois rF++ rC- Int+2}
   (You found it on level 5 of the Pits of Slime)

   Int:       It affects your intelligence (+2).
   rF:        It greatly protects you from fire.
   rC:        It makes you vulnerable to cold.
   rPois:     It protects you from poison.
 O - a +2 pair of boots of flying (worn)
 T - the +4 moon troll leather armour (worn) {Spirit, Regen++ MP+5}
   (You took it off a deep elf annihilator on level 3 of the Elven Halls)

   MP:        It affects your magic capacity (+5).
   Regen:     It increases your rate of health regeneration.
 X - the +1 pair of gloves of Doutruqo (worn) {Dex+6}
   (You found it on level 3 of the Elven Halls)

   Dex:       It affects your dexterity (+6).
Jewellery
 n - the ring of the Tortoise {AC+8}
   (You acquired it on level 3 of the Crypt)

   [ring of protection]

   AC:        It affects your AC (+8).
 s - the ring of the Clam (right hand) {rF+ Int+6 SInv}
   (You took it off a deep elf sorcerer on level 1 of the Vaults)

   [ring of see invisible]

   Int:       It affects your intelligence (+6).
   rF:        It protects you from fire.
   SInv:      It lets you see invisible.
 K - the ring of Ateer {Dex+5 SInv}
   (You found it on level 3 of the Lair of Beasts)

   [ring of see invisible]

   Dex:       It affects your dexterity (+5).
   SInv:      It lets you see invisible.
 V - the ring "Luomuut" (left hand) {rElec Str+6 Int+3}
   (You bought it in a shop on level 3 of the Depths)

   [ring of strength]

   Str:       It affects your strength (+6).
   Int:       It affects your intelligence (+3).
   rElec:     It insulates you from electricity.
 Y - the amulet of Mybunty (around neck) {Will+++ Regen+ rCorr Int-5 Dex-4}
   (You bought it in a shop on level 3 of the Depths)

   [amulet of regeneration]

   Int:       It affects your intelligence (-5).
   Dex:       It affects your dexterity (-4).
   Regen:     It increases your rate of health regeneration.
   rCorr:     It protects you from acid and corrosion.
   Will:      It greatly increases your willpower.
Wands
 e - a wand of quicksilver (4)
 j - a wand of flame (3)
 z - a wand of mindburst (28)
 B - a wand of paralysis (25)
 C - a wand of roots (15)
 I - a wand of polymorph (10)
Scrolls
 f - 5 scrolls of vulnerability
 h - 4 scrolls of fog
 i - 2 scrolls of silence
 k - 4 scrolls of butterflies
 p - 13 scrolls of teleportation
 q - 4 scrolls of immolation
 E - 7 scrolls of poison
 M - 9 scrolls of amnesia
 N - 2 scrolls of blinking
 P - 2 scrolls of magic mapping
 R - 2 scrolls of fear
Potions
 a - 4 potions of flight
 b - 30 potions of curing
 d - a potion of magic
 o - 3 potions of resistance
 u - 2 potions of cancellation
 v - 5 potions of mutation
 w - 9 potions of ambrosia
 x - 3 potions of might
 D - 5 potions of heal wounds
 H - 4 potions of haste
 W - a potion of berserk rage
Miscellaneous
 c - the horn of Geryon
 l - a box of beasts
 y - a condenser vane
 G - a phantom mirror


   Skills:
 + Level 19.1 Fighting
 * Level 19.3 Long Blades
 * Level 26.9(27) Axes
 + Level 17.5(24.1) Maces & Flails
 + Level 1.9(18.1) Polearms
 + Level 2.3 Throwing
 * Level 21.7 Armour
 * Level 21.0 Dodging
 * Level 11.5 Stealth
 + Level 20.7 Shields
 * Level 16.1 Evocations


You had 25 spell levels left.
You didn't know any spells.
Your spell library contained the following spells:

 Spells                   Type           Power      Damage    Failure   Level
 Freeze                   Ice            0%         1d3       47%         1
 Kiss of Death            Conj/Necr      0%         2d5       47%         1
 Sandblast                Erth           0%         2d4       47%         1
 Shock                    Conj/Air       0%         1d3       47%         1
 Slow                     Hex            0%         N/A       47%         1
 Sting                    Tmut/Pois      0%         1d3       47%         1
 Blink                    Tloc           0%         N/A       63%         2
 Cigotuvi's Dreadful Rot  Necr/Pois/Air  0%         N/A       63%         2
 Ensorcelled Hibernation  Hex/Ice        0%         N/A       63%         2
 Passwall                 Tmut/Erth      0%         N/A       63%         2
 Searing Ray              Conj           0%         2d4       63%         2
 Static Discharge         Conj/Air       0%         2-2/arc   63%         2
 Confusing Touch          Hex            0%         N/A       85%         3
 Dazzling Flash           Conj/Hex       0%         N/A       85%         3
 Frozen Ramparts          Ice            0%         1d1       85%         3
 Hailstorm                Conj/Ice       0%         3d3       85%         3
 Ignite Poison            Fire/Tmut/Pois 0%         N/A       85%         3
 Inner Flame              Hex/Fire       0%         N/A       85%         3
 Kindle Blastsparks       Fire/Tloc/Air  0%         2d10      85%         3
 Ozocubu's Armour         Ice            0%         N/A       85%         3
 Stone Arrow              Conj/Erth      0%         3d7       85%         3
 Summon Guardian Golem    Hex/Summ       0%         N/A       85%         3
 Swiftness                Air            0%         N/A       85%         3
 Vampiric Draining        Necr           0%         2d6       85%         3
 Airstrike                Air            0%         2d(0-16)  99%         4
 Cause Fear               Hex            0%         N/A       99%         4
 Dispel Undead            Necr           0%         3d6       99%         4
 Ice Form                 Ice/Tmut       0%         N/A       99%         4
 Manifold Assault         Tloc           0%         N/A       99%         4
 Olgreb's Toxic Radiance  Pois           0%         N/A       99%         4
 Sticky Flame             Conj/Fire      0%         2d3       99%         4
 Summon Ice Beast         Ice/Summ       0%         N/A       99%         4
 Summon Lightning Spire   Summ/Air       0%         N/A       99%         4
 Agony                    Necr           0%         N/A       100%        5
 Alistair's Intoxication  Tmut/Pois      0%         N/A       100%        5
 Blade Hands              Tmut           0%         N/A       100%        5
 Borgnjor's Vile Clutch   Necr/Erth      0%         N/A       100%        5
 Fireball                 Conj/Fire      0%         3d3       100%        5
 Freezing Cloud           Conj/Ice/Air   0%         6-21      100%        5
 Irradiate                Conj/Tmut      0%         3d11      100%        5
 Lightning Bolt           Conj/Air       0%         1d11      100%        5
 Silence                  Hex/Air        0%         N/A       100%        5
 Summon Mana Viper        Hex/Summ       0%         N/A       100%        5
 Death Channel            Necr           0%         N/A       100%        6
 Dispersal                Tloc           0%         N/A       100%        6
 Eringya's Noxious Bog    Tmut/Pois      0%         N/A       100%        6
 Iron Shot                Conj/Erth      0%         9d1       100%        6
 Simulacrum               Ice/Necr       0%         N/A       100%        6
 Statue Form              Tmut/Erth      0%         N/A       100%        6
 Orb of Destruction       Conj           0%         9d5       100%        7
 Ozocubu's Refrigeration  Ice            0%         4d7       100%        7
 Spellforged Servitor     Conj/Summ      0%         N/A       100%        7
 Storm Form               Tmut/Air       0%         N/A       100%        7
 Discord                  Hex            0%         N/A       100%        8
 Disjunction              Tloc           0%         N/A       100%        8
 Ignition                 Fire           0%         3d3       100%        8
 Maxwell's Capacitive Co  Air            0%         ∞         100%        8
 Necromutation            Tmut/Necr      0%         N/A       100%        8
 Polar Vortex             Ice            0%         N/A       100%        9


Dungeon Overview and Level Annotations

Branches:
Dungeon (15/15)            Temple (0/1) D:5            Lair (5/5) D:10
 Shoals (4/4) Lair:2       Spider (4/4) Lair:2        Slime (5/5) Lair:4
    Orc (2/2) D:9             Elf (3/3) Orc:2        Vaults (5/5) D:13
  Crypt (3/3) Vaults:3       Tomb (0/3) Crypt:3      Depths (4/4) D:15
   Hell (visited)             Dis (0/7) Hell            Geh (0/7) Hell
    Coc (0/7) Hell            Tar (0/7) Hell            Zot (5/5) Depths:4
Gauntlet (visited)

Altars:
Ashenzari
Cheibriados
Fedhas
Gozag
Hepliaklqana
Kikubaaqudgha
Nemelex Xobeh
Sif Muna
Vehumet
Wu Jian
Xom
Zin
Jiyva

Shops:
D:8 *   Orc:2 ([![:   Elf:1 *   Elf:3 *[*   Shoals:1 :   Shoals:2 *
Vaults:1 (   Vaults:5 *   Depths:3 =:=:   Depths:4 :*

Portals:
Hell: Depths:1 Depths:2 Depths:3 Depths:4
Abyss: Depths:3
Pandemonium: Depths:1 Depths:2 Depths:4
Ziggurat: Depths:2
Trove: D:11 (give +4 storm dragon scales)

Annotations:
D:11 exclusion: statue
Slime:5 Royal Jelly
Zot:2 2 transporters, Ris Kia's ghost, legendary MiFi


Innate Abilities, Weirdness & Mutations

You have a pair of horns on your head.
You reflexively headbutt those who attack you in melee.
You are partially covered in iridescent scales. (AC +2)
Your flesh is almost immune to the effects of heat. (rF+++)
Your natural rate of healing is unusually fast.
Your muscles are strong. (Str +4, Int/Dex -1)
Your translucent skin slightly reduces your foes' accuracy. (Stealth+)
You expend magic power (3 MP) to strengthen your wands.


Message History

No target in view!
(D) Dungeon (T) Temple (L) Lair (A) Shoals (N) Spider Nest (M) Slime Pits (O) Orcish Mines (E) Elven Halls (V) Vaults (C) Crypt (W) Tomb (U) Depths (H) Hell (I) Dis (G) Gehenna (X) Cocytus (Y) Tartarus (Z) Zot
Where to? (Enter - D:1, ? - help)
What level of the Dungeon? (default 1, ? - help) HP restored.
Magic restored.
There is a stone staircase leading up here.
You fly upwards.
There is a stone staircase leading down here.
There is a stone staircase leading up here.
You fly upwards.
There is a stone staircase leading down here.
There is a stone staircase leading up here.
You fly upwards.
There is a stone staircase leading down here.
An Orb Guardian comes into view.
You slice the Orb Guardian!!
You headbutt the Orb Guardian, but do no damage.
The Orb Guardian is moderately wounded.
The Orb Guardian hits you!!
A balrug and 4 sun demons come into view.
You closely miss the Orb Guardian. Your headbutt misses the Orb Guardian.
The Orb Guardian is moderately wounded.
You block the Orb Guardian's attack.
You closely miss the Orb Guardian.
You headbutt the Orb Guardian, but do no damage.
The Orb Guardian is moderately wounded.
You block the Orb Guardian's attack.
Blink to where?
Press: ? - help, Q - select action, (/) - cycle Dir - move target
As you read the scroll of blinking, it crumbles to dust.
The balrug gestures at you.
The fireball explodes!
The fireball engulfs you. You resist.
Magic restored.
The balrug gestures at you. Something smites you!
You have escaped!

#.#..#...###.........###...#### #
........## ##.......## ##.....# #
........# #.......# #.....# #
........## ##.......## ##.....# #
.........###.........###......# #
............................#####
..........................#......
.......................[.......##
..............X3@.........#.##.##
..............33..........#.##...
###.#.......2..3..........).....>
#.#.......................####.
#.#....###.........###....# ##
#.....## ##.......## ##...#
####..# #.......# #...#
######..## ##.......## ##...#
#....#...###.........###....#


You could see an Orb Guardian, a balrug and 4 sun demons.

Vanquished Creatures
  3 dread liches
  4 ancient liches
  5 orbs of fire (Zot:4)
  3 Killer Klowns (Zot:5)
  2 shard shrikes (Zot:3)
  Geryon (Hell)
  A profane servitor (Abyss:3)
  6 golden dragons
  7 bone dragons
  Nikola (Shoals:1)
  A Brimstone Fiend (D:15)
  Arachne (Spider:4)
  Zenata (Vaults:3)
  A pandemonium lord (Zot:5)
  3 electric golems
  An Ice Fiend (Depths:4)
  A Hell Sentinel (Abyss:1)
  12 tentacled monstrosities
  27 Orb Guardians
  3 titans (Vaults:5)
  8 liches
  3 deep elf master archers
  3 quicksilver dragons
  Jorgrun (Orc:1)
  2 deep elf blademasters
  2 Executioners
  6 searing wretches (Hell)
  10 death cobs
  9 tentacled starspawn
  Frances (D:12)
  8 ancient champions
  Polyphemus (Shoals:3)
  Kirke (Shoals:1)
  11 sphinxes
  4 tengu reavers
  9 storm dragons
  4 revenants
  9 shadow dragons
  7 draconian monks
  5 fire giants
  2 iron dragons (Vaults:5)
  Ilsuiw (Shoals:3)
  20 frost giants
  Louise (Spider:2)
  7 emperor scorpions
  16 vault wardens
  10 deep elf sorcerers
  A caustic shrike zombie (Depths:3)
  3 draconian knights
  3 juggernaut zombies
  3 draconian stormcallers
  An orc warlord (Vaults:4)
  5 curse skulls
  2 balrugs
  2 draconian shifters
  9 ghost moths
  15 ghouls
  2 cacodemons
  9 ironbound preservers
  3 spriggan defenders
  5 draconian scorchers
  4 war gargoyles
  3 draconian annihilators (Zot:3)
  A broodmother (Spider:3)
  9 reapers
  2 deep elf elementalists (Elf:3)
  24 very ugly things
  6 ironbound thunderhulks
  16 vampire knights
  4 green draconians
  13 stone giants
  7 deep elf demonologists
  8 deep elf annihilators
  14 purple draconians
  10 spark wasps
  2 minotaurs
  A bunyip (Abyss:3)
  8 black draconians
  8 red draconians
  10 dire elephants
  Azrael (Elf:1)
  7 white draconians
  4 deep elf death magi
  A crystal guardian (Vaults:3)
  5 yellow draconians
  4 blizzard demons
  A green death (Abyss:1)
  10 yaktaur captains
  7 ettins
  11 fire dragons
  5 eidola
  6 merfolk javelineers (Shoals:3)
  4 entropy weavers
  A quicksilver dragon zombie (Abyss:1)
  9 deep elf high priests
  14 jiangshi
  8 merfolk impalers
  A spriggan zombie (Abyss:1)
  An ogre mage (Orc:2)
  10 ice dragons
  A quicksilver dragon skeleton (Depths:2)
  31 vault guards
  Erolcha (Orc:2)
  7 ironbound frosthearts
  3 rakshasas
  17 centaur warriors
  3 radroaches
  2 peacekeepers (Vaults:3)
  2 spriggan air magi
  A fenstrider witch skeleton (Hell)
  6 jorogumos
  5 merfolk avatars
  A spriggan skeleton (Abyss:3)
  8 hydras
  5 two-headed ogres
  8 boulder beetles
  4 catoblepae
  28 dancing weapons
  4 death knights
  2 alligator snapping turtles
  11 satyrs (Shoals:4)
  3 hell hogs (Abyss:3)
  A stoker (Hell)
  8 tengu warriors
  7 death yaks
  2 merfolk aquamancers
  4 spriggan berserkers
  4 deep troll earth magi
  6 deep troll shamans
  12 vampire magi
  6 thrashing horrors
  6 wretched stars
  Nergalle (Orc:2)
  3 soul eaters
  An orc high priest (Orc:2)
  3 hell knights (Vaults:5)
  10 deep elf knights
  5 sixfirhies
  4 sun demons
  3 sun moths
  2 titan skeletons
  7 iron trolls
  6 shadow wraiths
  A golden dragon zombie (Depths:2)
  10 sea snakes
  A salamander mystic (Depths:3)
  11 skeletal warriors
  3 pharaoh ants
  7 orb spiders
  A shadow demon (Depths:1)
  35 deep trolls
  3 bog bodies
  5 flayed ghosts
  A deep troll (shapeshifter) (Vaults:4)
  A shadow dragon zombie (Depths:2)
  11 deep elf archers
  2 spriggan simulacra (Depths:2)
  A swamp dragon (Lair:5)
  6 necromancers
  3 wizards
  Pikel (D:4)
  11 steelbarb worms
  22 ironbound convokers
  6 orc knights
  24 deep elf zephyrmancers
  18 phantasmal warriors
  6 lindwurms
  A sphinx zombie (Crypt:1)
  A frost giant zombie (Depths:2)
  9 orc sorcerers
  10 wolf spiders
  25 harpies
  4 oklob plants (Lair:4)
  21 deep elf pyromancers
  14 fauns
  An iron dragon zombie (Abyss:3)
  A salamander (shapeshifter) (Vaults:5)
  7 cyclopes
  20 manticores
  A stone giant zombie (Crypt:1)
  2 iron dragon skeletons
  28 ugly things
  5 worldbinders
  4 salamanders
  2 dire elephant zombies (Crypt:1)
  25 elephants
  A shadow dragon skeleton (Crypt:1)
  18 merfolk sirens
  14 moths of wrath
  An ice statue (Gauntlet)
  15 vault sentinels
  15 demonic crawlers
  4 apocalypse crabs
  A rust devil (Zot:5)
  6 black mambas
  A black mamba (shapeshifter) (Elf:3)
  8 torpor snails
  An orange demon (Abyss:1)
  11 smoke demons
  12 cane toads
  2 gargoyles (D:12)
  2 water nymphs (Shoals:4)
  Joseph (D:8)
  A centaur zombie (Hell)
  A titan simulacrum (Depths:2)
  An elf skeleton (Vaults:1)
  A dire elephant skeleton (Crypt:2)
  A cane toad (shapeshifter) (Elf:1)
  Maggie (D:8)
  9 freezing wraiths
  2 efreet (Abyss:1)
  2 kobold demonologists
  6 rime drakes
  41 yaktaurs
  A catoblepas zombie (Crypt:1)
  6 hellions
  An anaconda simulacrum (Hell)
  A minotaur zombie (Crypt:3)
  A rime drake (shapeshifter) (Depths:4)
  3 tengu conjurers
  A bunyip simulacrum (Crypt:3)
  A steelbarb worm zombie (Crypt:2)
  8 komodo dragons
  3 unseen horrors
  A yaktaur (shapeshifter) (Elf:2)
  4 ice devils
  2 silent spectres
  2 harpy zombies
  2 guardian mummies
  14 merfolk
  A death drake zombie (Crypt:1)
  10 ancient zymes
  A catoblepas skeleton (Crypt:2)
  A queen bee (D:13)
  5 wind drakes
  A hellwing (Depths:1)
  4 trolls
  A troll (shapeshifter) (D:13)
  A yellow draconian skeleton (Crypt:2)
  2 harpy skeletons
  3 meliai (D:13)
  24 tarantellas
  A wolf spider simulacrum (Gauntlet)
  4 tyrant leeches (Lair:5)
  14 hornets
  A polar bear (Lair:5)
  A fire dragon zombie (Crypt:2)
  An ettin zombie (Crypt:1)
  11 raiju
  18 dream sheep
  17 blink frogs
  A culicivora zombie (Crypt:3)
  A hydra zombie (Crypt:3)
  Grinder (D:3)
  A jumping spider zombie (Crypt:2)
  A fire giant simulacrum (Vaults:1)
  Sigmund (D:2)
  A deep troll zombie (Vaults:1)
  9 snapping turtles
  2 air elementals (Elf:2)
  2 jumping spiders (shapeshifter) (Abyss:3)
  A centaur simulacrum (Gauntlet)
  23 culicivoras
  29 jumping spiders
  5 spriggans
  An ettin skeleton (Vaults:1)
  5 shadows
  6 ynoxinuls (Abyss:1)
  10 wyverns
  4 vampires
  5 fire elementals
  3 humans
  31 yaks
  2 fire bats (Abyss:1)
  A spriggan (shapeshifter) (Abyss:1)
  A yak (shapeshifter) (D:15)
  16 water elementals
  Eustachio (D:4)
  8 neqoxecs
  Grum (D:8)
  4 basilisks
  6 hogs (Shoals:1)
  7 steam dragons
  59 redbacks
  12 wraiths
  A black mamba skeleton (Crypt:3)
  4 harpy simulacra
  22 large abominations
  A chaos spawn (Abyss:1)
  3 human zombies
  9 vampire mosquitoes
  A warg (Orc:2)
  Edmund (D:5)
  3 acid dragons
  17 water moccasins
  13 hell hounds
  A water moccasin (shapeshifter) (D:14)
  Duvessa (D:7)
  A cane toad zombie (Crypt:2)
  A fire bat skeleton (Crypt:1)
  A glowing shapeshifter skeleton (Crypt:3)
  A meliai simulacrum (Gauntlet)
  17 small abominations
  14 orc warriors
  A swamp drake (Lair:5)
  3 ice beasts
  8 ogres
  11 boggarts
  3 black bears
  5 centaurs
  An ogre (shapeshifter) (Abyss:1)
  18 wolves
  A torpor snail zombie (Crypt:3)
  A swamp dragon skeleton (Crypt:3)
  A kobold brigand (D:13)
  12 bullfrogs
  3 necrophages (Crypt:2)
  A gnoll sergeant (D:9)
  A scorpion (D:4)
  A draconian skeleton (Crypt:1)
  4 earth elementals
  A water moccasin zombie (Crypt:2)
  7 wights
  Dowan (D:7)
  34 killer bees
  An electric eel (Lair:2)
  4 howler monkeys
  2 crimson imps
  A hound (D:4)
  A jelly (Spider:1)
  7 quasits
  3 iron imps
  A bullfrog skeleton (Crypt:3)
  A gnoll bouda (D:5)
  11 orc priests
  Crazy Yiuf (D:4)
  12 starcursed masses
  5 iguanas
  Terence (D:2)
  Natasha (thrice) (D:2)
  31 orc wizards
  An acid dragon zombie (Crypt:3)
  A tengu skeleton (Crypt:3)
  2 hound zombies (Crypt:1)
  9 mummies (Crypt:3)
  7 gnolls
  7 adders
  A river rat (Lair:3)
  A swamp drake zombie (Crypt:3)
  2 shadow imps (D:6)
  9 white imps
  7 ufetubi
  A dart slug (D:3)
  60 orcs
  4 bats
  An endoplasm (D:1)
  5 giant cockroaches
  8 goblins
  8 hobgoblins
  13 jackals
  6 kobolds
  3 quokkas
  10 ball pythons
  5 frilled lizards
  8 rats
  10 butterflies (Depths:1)
  6 fire vortices (Hell)
  2 lurking horrors
  5 starspawn tentacles
2323 creatures vanquished.

Vanquished Creatures (collateral kills)
  A draconian knight (Zot:5)
  A vault warden (Vaults:4)
  A draconian stormcaller (Zot:5)
  A draconian shifter (Zot:5)
  An ironbound preserver (Vaults:2)
  A green draconian (Zot:5)
  2 ironbound thunderhulks
  A deep elf demonologist (Elf:3)
  A deep elf annihilator (Elf:3)
  A minotaur (Shoals:4)
  A death knight (D:15)
  A skeletal warrior (Crypt:3)
  An orb spider (Spider:2)
  A harpy (Shoals:4)
  2 manticores (Shoals:4)
  3 elephants (Lair:5)
  A vault sentinel (Vaults:1)
  A yaktaur (Vaults:4)
  A hydra skeleton (Crypt:3)
  A redback (Spider:2)
24 creatures vanquished.

Vanquished Creatures (others)
  A tentacled monstrosity (Zot:4)
  Asterion (Vaults:1)
  An eldritch tentacle (Spider:3)
  A deep elf annihilator (Elf:3)
  9 great orbs of eyes
  An ice dragon (Zot:3)
  A thrashing horror (Abyss:1)
  2 deep elf knights (Elf:2)
  2 glowing orange brains
  A deep troll (Depths:3)
  3 ironbound convokers (Vaults:4)
  2 harpies (shapeshifter)
  A shining eye (Abyss:3)
  A deep elf zephyrmancer (Elf:1)
  A faun (shapeshifter) (Abyss:3)
  2 manticores (Shoals:4)
  2 smoke demons (Abyss:3)
  2 yaktaurs (Vaults:4)
  2 raiju
  13 slime creatures
  A flying skull (Abyss:1)
  A ynoxinul (Abyss:1)
  A yak (Lair:3)
  3 golden eyes (Abyss:3)
  A small abomination (Abyss:1)
  A redback (Spider:4)
  2 water moccasins
  A floating eye (Depths:2)
  A floating eye (shapeshifter) (Abyss:3)
  2 orc warriors
  3 centaurs (D:14)
  A lemure (D:4)
  A kobold brigand (D:9)
  2 bullfrogs
  A wight (D:8)
  5 killer bees
  A quasit (Abyss:3)
  338 jellies
  2 orc priests (D:7)
  An iguana (D:5)
  4 orc wizards
  A statue (D:11)
  3 mummies (Crypt:3)
  A gnoll (D:5)
  A worm (D:4)
  2 dart slugs (D:4)
  An endoplasm (D:4)
  8 orcs
  A hobgoblin (D:4)
  4 kobolds (D:9)
  A bush (Lair:1)
  4 butterflies
  A creeping inferno (Hell)
  75 fungi
  A lurking horror (Abyss:3)
  392 plants
  10 starspawn tentacles
928 creatures vanquished.

Grand Total: 3275 creatures vanquished

Notes
Turn   | Place    | Note
-------+----------+-------------------------------------------
     0 | D:1      | MinotaursOnly the Minotaur Gladiator began the quest for
                  | the Orb.
     0 | D:1      | Reached XP level 1. HP: 18/18 MP: 0/0
   165 | D:1      | Reached XP level 2. HP: 25/25 MP: 1/1
   724 | D:1      | Reached XP level 3. HP: 30/30 MP: 2/2
   773 | D:2      | Noticed Sigmund
   782 | D:2      | Killed Sigmund
   783 | D:2      | Reached skill level 5 in Maces & Flails
   783 | D:2      | Reached skill level 1 in Armour
   783 | D:2      | Reached XP level 4. HP: 13/37 MP: 3/3
   783 | D:2      | Reached XP level 5. HP: 15/44 MP: 4/4
  1116 | D:2      | Found Heoppesm's General Store.
  1180 | D:2      | Noticed Natasha
  1183 | D:2      | Killed Natasha
  1199 | D:2      | Noticed Natasha
  1205 | D:2      | Killed Natasha
  1206 | D:2      | Reached XP level 6. HP: 39/51 MP: 5/5
  1247 | D:2      | Found a faded altar of an unknown god.
  1257 | D:2      | Prayed at the altar of an unknown god.
  1257 | D:2      | Became a worshipper of Jiyva Jigiu the Shapeless
  1257 | D:2      | Reached * piety under Jiyva
  1344 | D:2      | Noticed Terence
  1344 | D:2      | Noticed Natasha
  1349 | D:2      | Killed Terence
  1351 | D:2      | Killed Natasha
  1730 | D:3      | Identified the +12 chain mail of Hangyak {Int+2}
  1962 | D:3      | Noticed Grinder
  1966 | D:3      | Paralysed by Grinder for 3 turns
  1980 | D:3      | Killed Grinder
  1981 | D:3      | Reached XP level 7. HP: 50/57 MP: 6/6
  2014 | D:3      | Reached ** piety under Jiyva
  2321 | D:4      | Reached skill level 1 in Stealth
  2406 | D:4      | Found a runed translucent door.
  2407 | D:4      | Noticed Crazy Yiuf
  2414 | D:4      | Killed Crazy Yiuf
  2448 | D:4      | Noticed Eustachio
  2462 | D:4      | Reached skill level 5 in Dodging
  2462 | D:4      | Reached skill level 1 in Evocations
  2534 | D:4      | Killed Eustachio
  2579 | D:4      | Noticed Pikel
  2597 | D:4      | Killed Pikel
  2598 | D:4      | Reached XP level 8. HP: 66/66 MP: 7/7
  2730 | D:5      | Entered Level 5 of the Dungeon
  2773 | D:5      | Found a hazy altar of Hepliaklqana.
  2774 | D:5      | Found an opulent altar of Gozag.
  2774 | D:5      | Found a snail-covered altar of Cheibriados.
  2774 | D:5      | Found a shimmering blue altar of Sif Muna.
  2775 | D:5      | Found an ornate altar of the Wu Jian Council.
  2777 | D:5      | Found a blossoming altar of Fedhas.
  2836 | D:5      | Reached skill level 5 in Armour
  2850 | D:5      | Reached *** piety under Jiyva
  2988 | D:5      | Found a staircase to the Ecumenical Temple.
  3057 | D:5      | Noticed Edmund
  3075 | D:5      | Killed Edmund
  3077 | D:5      | Gained mutation: You have large cloven feet. [Jiyva's
                  | grace]
  3077 | D:5      | Gained mutation: You have hoof-like feet. [Jiyva's grace]
  3077 | D:5      | Gained mutation: You have hooves in place of feet. [Jiyva's
                  | grace]
  3077 | D:5      | Gained mutation: You have supernaturally acute eyesight.
                  | (SInv) [Jiyva's grace]
  3420 | D:6      | Reached skill level 10 in Maces & Flails
  3559 | D:6      | Reached XP level 9. HP: 71/71 MP: 8/8
  3613 | D:6      | Reached **** piety under Jiyva
  3809 | D:6      | Lost mutation: You have supernaturally acute eyesight.
                  | (SInv) [potion of mutation]
  3809 | D:6      | Lost mutation: You have hooves in place of feet. [potion of
                  | mutation]
  3809 | D:6      | Gained mutation: Your muscles are strong. (Str +4, Int/Dex
                  | -1) [potion of mutation]
  3809 | D:6      | Lost mutation: Your muscles are strong. (Str +4, Int/Dex
                  | -1) [potion of mutation]
  4077 | D:7      | Noticed Duvessa
  4077 | D:7      | Noticed Dowan
  4080 | D:7      | Killed Dowan
  4087 | D:7      | Killed Duvessa
  4579 | D:7      | Reached ***** piety under Jiyva
  4756 | D:8      | Noticed Grum
  4771 | D:8      | Killed Grum
  4790 | D:8      | Noticed Maggie
  4801 | D:8      | Killed Maggie
  4895 | D:8      | Reached skill level 5 in Fighting
  4918 | D:8      | Noticed a two-headed ogre
  4931 | D:8      | Killed a two-headed ogre
  4932 | D:8      | Reached XP level 10. HP: 74/81 MP: 9/9
  5024 | D:8      | Gained mutation: Your movements are slightly less
                  | encumbered by armour. (ER -2) [Jiyva's grace]
  5024 | D:8      | Gained mutation: Your movements are less encumbered by
                  | armour. (ER -4) [Jiyva's grace]
  5024 | D:8      | Gained mutation: Your movements are significantly less
                  | encumbered by armour. (ER -6) [Jiyva's grace]
  5024 | D:8      | Gained mutation: You are covered in fur. (AC +1) [Jiyva's
                  | grace]
  5107 | D:8      | Noticed Joseph
  5119 | D:8      | Killed Joseph
  5322 | D:8      | Found Zuuhaikk's Assorted Antiques.
  5330 | D:8      | Bought a jewelled glass wand for 124 gold pieces
  5330 | D:8      | Bought a scroll of teleportation for 93 gold pieces
  5506 | D:9      | Found a glowing silver altar of Zin.
  5539 | D:9      | Identified the +3 whip "Nukelab" {pain, rCorr}
  6051 | D:9      | Reached ****** piety under Jiyva
  6051 | D:9      | Lost mutation: You are covered in fur. (AC +1) [Jiyva's
                  | grace]
  6051 | D:9      | Lost mutation: Your movements are significantly less
                  | encumbered by armour. (ER -6) [Jiyva's grace]
  6051 | D:9      | Gained mutation: You have a small jelly attached to you
                  | that senses nearby items. [Jiyva's grace]
  6051 | D:9      | Gained mutation: You are partially covered in iridescent
                  | scales. (AC +2) [Jiyva's grace]
  6051 | D:9      | Gained mutation: You are mostly covered in iridescent
                  | scales. (AC +4) [Jiyva's grace]
  6051 | D:9      | Gained mutation: You are completely covered in iridescent
                  | scales. (AC +6) [Jiyva's grace]
  6059 | D:9      | Found a staircase to the Orcish Mines.
  6156 | D:10     | Entered Level 10 of the Dungeon
  6330 | D:10     | Noticed a death yak
  6356 | D:10     | Killed a death yak
  6357 | D:10     | Reached XP level 11. HP: 89/89 MP: 10/10
  6432 | D:10     | Noticed a two-headed ogre
  6451 | D:10     | Killed a two-headed ogre
  6575 | D:10     | Found a staircase to the Lair.
  6584 | D:10     | Noticed a death yak
  6585 | D:10     | Noticed a death yak
  6587 | D:10     | Noticed a death yak
  6605 | D:10     | Killed a death yak
  6606 | D:10     | Reached skill level 10 in Armour
  6614 | D:10     | Killed a death yak
  6615 | D:10     | Reached skill level 1 in Shields
  6624 | D:10     | Killed a death yak
  6625 | D:10     | Reached skill level 5 in Evocations
  7350 | D:11     | Found a radiant altar of Vehumet.
  7630 | D:11     | Noticed a two-headed ogre
  7636 | D:11     | Killed a two-headed ogre
  7668 | D:11     | Reached skill level 15 in Maces & Flails
  7701 | D:11     | Found a portal to a secret trove of treasure.
  7731 | D:11     | Lost mutation: You are completely covered in iridescent
                  | scales. (AC +6) [Jiyva's grace]
  7731 | D:11     | Lost mutation: Your movements are less encumbered by
                  | armour. (ER -4) [Jiyva's grace]
  7731 | D:11     | Gained mutation: You are covered in slimy tendrils that may
                  | disarm your opponents. [Jiyva's grace]
  7731 | D:11     | Gained mutation: You have a somewhat thin skeletal
                  | structure. (Dex +2, Stealth+) [Jiyva's grace]
  7731 | D:11     | Gained mutation: You have a moderately thin skeletal
                  | structure. (Dex +4, Stealth++) [Jiyva's grace]
  7731 | D:11     | Gained mutation: You have an unnaturally thin skeletal
                  | structure. (Dex +6, Stealth+++) [Jiyva's grace]
  7870 | D:11     | Noticed a two-headed ogre
  7881 | D:11     | Killed a two-headed ogre
  7882 | D:11     | Reached XP level 12. HP: 94/100 MP: 11/11
  8291 | Lair:1   | Entered Level 1 of the Lair of Beasts
  8468 | Lair:1   | Found a gate leading to a gauntlet.
  8477 | Gauntlet | Entered a Gauntlet
  8477 | Gauntlet | Found a transporter.
  8487 | Gauntlet | Found a transporter.
  8489 | Gauntlet | Found a transporter.
  8490 | Gauntlet | Found a transporter.
  8501 | Gauntlet | Found a transporter.
  8502 | Gauntlet | Found a transporter.
  8502 | Gauntlet | Found a transporter.
  8511 | Gauntlet | Found a transporter.
  8514 | Gauntlet | Found a transporter.
  8515 | Gauntlet | Found a transporter.
  8523 | Gauntlet | Found a transporter.
  8526 | Gauntlet | Found a transporter.
  8527 | Gauntlet | Found a transporter.
  8536 | Gauntlet | Found a transporter.
  8584 | Gauntlet | Found a runed translucent door.
  8794 | Gauntlet | Noticed a minotaur
  8820 | Gauntlet | Killed a minotaur
  8829 | Gauntlet | Got the Spellbook of Arcane Combat and the Shapeshifter
  8985 | Lair:1   | Reached skill level 5 in Shields
  9265 | Lair:1   | Identified the +1 falchion of Cocytus {spect, rF+}
  9487 | Lair:1   | Lost mutation: You have hoof-like feet. [Jiyva's grace]
  9487 | Lair:1   | Lost mutation: You have an unnaturally thin skeletal
                  | structure. (Dex +6, Stealth+++) [Jiyva's grace]
  9487 | Lair:1   | Lost mutation: Your movements are slightly less encumbered
                  | by armour. (ER -2) [Jiyva's grace]
  9487 | Lair:1   | Gained mutation: You have supernaturally acute eyesight.
                  | (SInv) [Jiyva's grace]
  9487 | Lair:1   | Gained mutation: You have acidic saliva. [Jiyva's grace]
  9487 | Lair:1   | Gained mutation: You have hoof-like feet. [Jiyva's grace]
  9487 | Lair:1   | Gained mutation: You have hooves in place of feet. [Jiyva's
                  | grace]
  9967 | Lair:2   | Found a hole to the Spider Nest.
 10088 | Lair:2   | Reached XP level 13. HP: 110/110 MP: 12/12
 10132 | Lair:2   | Found a staircase to the Shoals.
 10166 | Lair:2   | Reached skill level 10 in Dodging
 10987 | Lair:3   | Identified the ring of Ateer {Dex+5 SInv}
 11417 | Lair:3   | Lost mutation: You are mostly covered in iridescent scales.
                  | (AC +4) [Jiyva's grace]
 11417 | Lair:3   | Lost mutation: You have a moderately thin skeletal
                  | structure. (Dex +4, Stealth++) [Jiyva's grace]
 11417 | Lair:3   | Lost mutation: You have a small jelly attached to you that
                  | senses nearby items. [Jiyva's grace]
 11417 | Lair:3   | Gained mutation: Your melee attacks may engulf your foes in
                  | ooze. [Jiyva's grace]
 11417 | Lair:3   | Lost mutation: You have hooves in place of feet. [Jiyva's
                  | grace]
 11417 | Lair:3   | Lost mutation: You have hoof-like feet. [Jiyva's grace]
 11417 | Lair:3   | Lost mutation: You have large cloven feet. [Jiyva's grace]
 11417 | Lair:3   | Gained mutation: You have sharp toenails. [Jiyva's grace]
 11417 | Lair:3   | Gained mutation: You have razor-sharp toenails. [Jiyva's
                  | grace]
 11417 | Lair:3   | Gained mutation: You have claws for feet. [Jiyva's grace]
 11754 | Lair:4   | Found a staircase to the Slime Pits.
 11754 | Lair:4   | Found a viscous altar of Jiyva.
 11853 | Slime:1  | Entered Level 1 of the Pits of Slime
 11853 | Slime:1  | Noticed a rockslime
 11853 | Slime:1  | Noticed a rockslime
 11880 | Slime:2  | Noticed an acid blob
 11886 | Slime:3  | Noticed a rockslime
 11886 | Slime:3  | Noticed an azure jelly
 11888 | Slime:3  | Noticed a quicksilver ooze
 11902 | Slime:3  | Noticed a rockslime
 11905 | Slime:4  | Found a shimmering altar of Xom.
 11908 | Slime:4  | Noticed a quicksilver ooze
 11913 | Slime:5  | Entered Level 5 of the Pits of Slime
 11928 | Slime:5  | Noticed a quicksilver ooze
 11928 | Slime:5  | Noticed an acid blob
 11929 | Slime:5  | Found a viscous altar of Jiyva.
 11930 | Slime:5  | Noticed the Royal Jelly
 11930 | Slime:5  | Noticed an acid blob
 11931 | Slime:5  | Noticed an acid blob
 11932 | Slime:5  | Noticed an acid blob
 11932 | Slime:5  | Noticed an acid blob
 11934 | Slime:5  | Noticed an acid blob
 11938 | Slime:5  | Identified the +2 cloak "Cutris" {rPois rF++ rC- Int+2}
 11943 | Slime:5  | Noticed a rockslime
 11947 | Slime:5  | Identified the +7 long sword of Dim Light {drain, Int+2
                  | Dex+5 Stlth-}
 11950 | Slime:5  | Got Istyp's Compendium of Coruscating Jinxing
 11960 | Slime:5  | Got a slimy rune of Zot
 11970 | Slime:5  | Got the Dissertation on the Damned and Hypothermia
 12224 | Lair:4   | Reached skill level 1 in Long Blades
 12720 | Lair:5   | Entered Level 5 of the Lair of Beasts
 12931 | Lair:5   | Reached XP level 14. HP: 119/119 MP: 13/13
 12986 | Lair:5   | Lost mutation: You have supernaturally acute eyesight.
                  | (SInv) [Jiyva's grace]
 12986 | Lair:5   | Gained mutation: Your system is resistant to poisons.
                  | (rPois) [Jiyva's grace]
 12986 | Lair:5   | Gained mutation: You are somewhat resistant to further
                  | mutation. [Jiyva's grace]
 12986 | Lair:5   | Gained mutation: You are somewhat resistant to both further
                  | mutation and mutation removal. [Jiyva's grace]
 12986 | Lair:5   | Gained mutation: You are almost entirely resistant to
                  | further mutation and mutation removal. [Jiyva's grace]
 13104 | Lair:5   | Reached skill level 10 in Fighting
 13367 | Lair:5   | Identified the +8 hand axe "Rewadexi" {venom, Dex+3}
 13598 | Lair:5   | Reached skill level 1 in Axes
 13845 | Lair:5   | Found a runed translucent door.
 13947 | Lair:5   | Reached skill level 2 in Axes
 14000 | Lair:5   | Reached skill level 3 in Axes
 14439 | Lair:1   | Identified the +4 trident of the Seeker {venom, rPois}
 14897 | D:12     | Noticed Frances
 14908 | D:12     | HP: 6/121 [Frances/shard of ice (41)]
 14912 | D:12     | Killed Frances
 14913 | D:12     | Reached skill level 4 in Axes
 15186 | D:12     | Found an ornate altar of the Wu Jian Council.
 15340 | D:13     | Reached skill level 5 in Axes
 15384 | D:13     | Reached skill level 5 in Long Blades
 15424 | D:13     | Gained mutation: Your body has grown eyes which may confuse
                  | attackers. (Acc +3) [Jiyva's grace]
 15424 | D:13     | Gained mutation: Your body has grown many eyes which may
                  | confuse attackers. (Acc +5) [Jiyva's grace]
 15424 | D:13     | Gained mutation: Your body is covered in eyes which may
                  | confuse attackers. (Acc +7, SInv) [Jiyva's grace]
 15424 | D:13     | Gained mutation: Your muscles are strong. (Str +4, Int/Dex
                  | -1) [Jiyva's grace]
 15726 | D:13     | Reached skill level 6 in Axes
 15736 | D:13     | Found a blossoming altar of Fedhas.
 15832 | D:13     | Reached XP level 15. HP: 128/128 MP: 14/14
 15841 | D:13     | Found a gate to the Vaults.
 16197 | D:14     | Reached skill level 1 in Polearms
 16224 | D:13     | Reached skill level 7 in Axes
 16446 | D:14     | Reached skill level 10 in Shields
 16554 | D:14     | Found an opulent altar of Gozag.
 16951 | D:15     | Entered Level 15 of the Dungeon
 17067 | D:15     | Reached skill level 8 in Axes
 17289 | D:15     | Lost mutation: You have claws for feet. [Jiyva's grace]
 17289 | D:15     | Lost mutation: You are partially covered in iridescent
                  | scales. (AC +2) [Jiyva's grace]
 17289 | D:15     | Lost mutation: You are almost entirely resistant to further
                  | mutation and mutation removal. [Jiyva's grace]
 17289 | D:15     | Gained mutation: Your skin changes colour to match your
                  | surroundings (Stealth+). [Jiyva's grace]
 17289 | D:15     | Gained mutation: Your skin blends seamlessly with your
                  | surroundings (Stealth++). [Jiyva's grace]
 17289 | D:15     | Gained mutation: Your skin perfectly mimics your
                  | surroundings (Stealth+++). [Jiyva's grace]
 17289 | D:15     | Gained mutation: Your rubbery body absorbs attacks. (AC +1,
                  | EV +1) [Jiyva's grace]
 17312 | D:15     | Found a staircase to the Depths.
 17795 | Orc:1    | Entered Level 1 of the Orcish Mines
 17795 | Orc:1    | Noticed Jorgrun
 17812 | Orc:1    | Killed Jorgrun
 17942 | Orc:2    | Entered Level 2 of the Orcish Mines
 18175 | Orc:2    | Found a staircase to the Elven Halls.
 18237 | Orc:2    | Found Kixzy's Weapon Shoppe.
 18304 | Orc:2    | Found a radiant altar of Vehumet.
 18304 | Orc:2    | Noticed Erolcha
 18317 | Orc:2    | Killed Erolcha
 18318 | Orc:2    | Reached skill level 9 in Axes
 18341 | Orc:2    | Noticed Nergalle
 18342 | Orc:2    | Found an ancient bone altar of Kikubaaqudgha.
 18350 | Orc:2    | Killed Nergalle
 18375 | Orc:2    | Found Omuta's Antique Armour Emporium.
 18384 | Orc:2    | Bought a pair of runed boots for 225 gold pieces
 18431 | Orc:2    | Found Qimm's Book Emporium.
 18434 | Orc:2    | Found Ypetzod's Distillery.
 18458 | Orc:2    | Found Mugiatre's Antique Armour Emporium.
 18468 | Orc:2    | Bought a steaming plate armour for 896 gold pieces
 18468 | Orc:2    | Identified the +3 plate armour of Makhleb's Castigation
                  | {+Blink Regen+ SInv} (You bought it in a shop on level 2 of
                  | the Orcish Mines)
 18476 | Orc:2    | Bought a potion of haste for 110 gold pieces
 18476 | Orc:2    | Bought a potion of curing for 33 gold pieces
 18476 | Orc:2    | Bought 2 potions of curing for 66 gold pieces
 18800 | Spider:1 | Entered Level 1 of the Spider Nest
 18955 | Spider:1 | Lost mutation: You have a somewhat thin skeletal structure.
                  | (Dex +2, Stealth+) [Jiyva's grace]
 18955 | Spider:1 | Lost mutation: Your system is resistant to poisons. (rPois)
                  | [Jiyva's grace]
 18955 | Spider:1 | Lost mutation: Your body is covered in eyes which may
                  | confuse attackers. (Acc +7, SInv) [Jiyva's grace]
 18955 | Spider:1 | Gained mutation: You possess an exceptional clarity of
                  | mind. [Jiyva's grace]
 18955 | Spider:1 | Gained mutation: You have supernaturally acute eyesight.
                  | (SInv) [Jiyva's grace]
 18955 | Spider:1 | Gained mutation: Your flesh is cold resistant. (rC+)
                  | [Jiyva's grace]
 18955 | Spider:1 | Gained mutation: Your flesh is very cold resistant. (rC++)
                  | [Jiyva's grace]
 19137 | Spider:1 | Reached skill level 10 in Axes
 19360 | Spider:1 | Reached XP level 16. HP: 136/136 MP: 15/15
 19974 | Spider:2 | Noticed Louise
 19989 | Spider:2 | Killed Louise
 19990 | Spider:2 | Reached skill level 11 in Axes
 20866 | Spider:3 | Reached skill level 12 in Axes
 20866 | Spider:3 | Reached skill level 15 in Armour
 21407 | Spider:3 | Lost mutation: You have razor-sharp toenails. [Jiyva's
                  | grace]
 21407 | Spider:3 | Lost mutation: Your skin perfectly mimics your surroundings
                  | (Stealth+++). [Jiyva's grace]
 21407 | Spider:3 | Lost mutation: You have supernaturally acute eyesight.
                  | (SInv) [Jiyva's grace]
 21407 | Spider:3 | Lost mutation: You possess an exceptional clarity of mind.
                  | [Jiyva's grace]
 21407 | Spider:3 | Lost mutation: You are covered in slimy tendrils that may
                  | disarm your opponents. [Jiyva's grace]
 21407 | Spider:3 | Gained mutation: You have a small jelly attached to you
                  | that may absorb projectiles. [Jiyva's grace]
 21407 | Spider:3 | Gained mutation: You passively dampen the noise of your
                  | surroundings. [Jiyva's grace]
 21407 | Spider:3 | Gained mutation: You are covered in slimy tendrils that may
                  | disarm your opponents. [Jiyva's grace]
 21407 | Spider:3 | Gained mutation: You have sharp fingernails. [Jiyva's
                  | grace]
 21411 | Spider:3 | Lost mutation: You have acidic saliva. [mutagenic glow]
 21428 | Spider:3 | Gained mutation: Armour fits poorly on your strangely
                  | shaped body. [mutagenic glow]
 21440 | Spider:3 | Lost mutation: Your muscles are strong. (Str +4, Int/Dex
                  | -1) [mutagenic glow]
 21460 | Spider:3 | Gained mutation: Your magical capacity is low. (-10% MP)
                  | [mutagenic glow]
 21476 | Spider:3 | Reached skill level 10 in Evocations
 21814 | Spider:4 | Entered Level 4 of the Spider Nest
 22015 | Spider:4 | Reached skill level 13 in Axes
 22049 | Spider:4 | Reached skill level 5 in Stealth
 22217 | Spider:4 | Reached XP level 17. HP: 144/144 MP: 14/14
 22329 | Spider:4 | Noticed Arachne
 22361 | Spider:4 | Killed Arachne
 22395 | Spider:4 | Got a gossamer rune of Zot
 22406 | Spider:4 | Identified the +2 hat of Beogh's Hope {+Blink Str-2 Int+5}
 22994 | Shoals:1 | Entered Level 1 of the Shoals
 23027 | Shoals:1 | Found Fyttimed's Vocational Training.
 23186 | Shoals:1 | Reached skill level 14 in Axes
 23199 | Shoals:1 | Noticed Kirke
 23207 | Shoals:1 | Killed Kirke
 23396 | Shoals:1 | Lost mutation: Your skin blends seamlessly with your
                  | surroundings (Stealth++). [Jiyva's grace]
 23396 | Shoals:1 | Lost mutation: Your flesh is very cold resistant. (rC++)
                  | [Jiyva's grace]
 23396 | Shoals:1 | Lost mutation: Your magical capacity is low. (-10% MP)
                  | [Jiyva's grace]
 23396 | Shoals:1 | Lost mutation: Your melee attacks may engulf your foes in
                  | ooze. [Jiyva's grace]
 23396 | Shoals:1 | Gained mutation: You are strong-willed. (Will+) [Jiyva's
                  | grace]
 23396 | Shoals:1 | Gained mutation: You are highly strong-willed. (Will++)
                  | [Jiyva's grace]
 23396 | Shoals:1 | Gained mutation: You are extremely strong-willed. (Will+++)
                  | [Jiyva's grace]
 23396 | Shoals:1 | Gained mutation: Your body is covered in eyes which may
                  | confuse attackers. (Acc +7, SInv) [Jiyva's grace]
 23821 | Shoals:1 | Noticed Nikola
 23836 | Shoals:1 | Killed Nikola
 23870 | Shoals:2 | Found Dafowoz's Gadget Gallery.
 24637 | Shoals:3 | Noticed Polyphemus
 24661 | Shoals:3 | Killed Polyphemus
 24662 | Shoals:3 | Reached skill level 15 in Axes
 24976 | Shoals:3 | Noticed Ilsuiw
 25023 | Shoals:3 | Killed Ilsuiw
 25250 | Shoals:3 | Reached XP level 18. HP: 154/154 MP: 17/17
 25726 | Vaults:1 | Entered Level 1 of the Vaults
 25812 | Vaults:1 | Reached skill level 16 in Axes
 25913 | Vaults:1 | Identified the ring of the Clam {rF+ Int+6 SInv}
 26052 | Vaults:1 | Lost mutation: Your body is covered in eyes which may
                  | confuse attackers. (Acc +7, SInv) [Jiyva's grace]
 26052 | Vaults:1 | Lost mutation: Your skin changes colour to match your
                  | surroundings (Stealth+). [Jiyva's grace]
 26052 | Vaults:1 | Gained mutation: Your translucent skin slightly reduces
                  | your foes' accuracy. (Stealth+) [Jiyva's grace]
 26052 | Vaults:1 | Gained mutation: Your translucent skin reduces your foes'
                  | accuracy. (Stealth+) [Jiyva's grace]
 26052 | Vaults:1 | Gained mutation: Your transparent skin significantly
                  | reduces your foes' accuracy. (Stealth+) [Jiyva's grace]
 26052 | Vaults:1 | Gained mutation: You have razor-sharp toenails. [Jiyva's
                  | grace]
 26248 | Vaults:1 | Noticed Asterion
 26270 | Vaults:1 | Killed Asterion
 26332 | Vaults:1 | Found Atoipeaz's Weapon Shop.
 26481 | Vaults:1 | You are sucked into a shaft and drop 1 floor!
 26613 | Vaults:2 | Reached skill level 17 in Axes
 27049 | Vaults:2 | Identified the +10 scimitar of Guile {flame, rF- Str+4
                  | Dex+3}
 27877 | Vaults:3 | Reached XP level 19. HP: 128/162 MP: 18/18
 27893 | Vaults:3 | Reached skill level 18 in Axes
 27968 | Vaults:3 | Lost mutation: You have razor-sharp toenails. [Jiyva's
                  | grace]
 27968 | Vaults:3 | Lost mutation: You are extremely strong-willed. (Will+++)
                  | [Jiyva's grace]
 27968 | Vaults:3 | Lost mutation: You are somewhat resistant to both further
                  | mutation and mutation removal. [Jiyva's grace]
 27968 | Vaults:3 | Gained mutation: Your flesh is very cold resistant. (rC++)
                  | [Jiyva's grace]
 27968 | Vaults:3 | Gained mutation: Your flesh is almost immune to the effects
                  | of cold. (rC+++) [Jiyva's grace]
 27968 | Vaults:3 | Gained mutation: You are agile. (Dex +4, Str/Int -1)
                  | [Jiyva's grace]
 27968 | Vaults:3 | Gained mutation: You are very agile. (Dex +8, Str/Int -2)
                  | [Jiyva's grace]
 28465 | Vaults:3 | Noticed Zenata
 28510 | Vaults:3 | Killed Zenata
 28715 | Vaults:3 | Found a staircase to the Crypt.
 28929 | Vaults:4 | HP: 4/154 [ironbound thunderhulk/bolt of lightning (57)]
 29260 | Vaults:4 | Identified a scroll of acquirement
 29260 | Vaults:4 | Acquired 970 gold pieces
 29554 | Vaults:4 | Lost mutation: You have sharp toenails. [Jiyva's grace]
 29554 | Vaults:4 | Lost mutation: You are very agile. (Dex +8, Str/Int -2)
                  | [Jiyva's grace]
 29554 | Vaults:4 | Lost mutation: Armour fits poorly on your strangely shaped
                  | body. [Jiyva's grace]
 29554 | Vaults:4 | Lost mutation: You are somewhat resistant to further
                  | mutation. [Jiyva's grace]
 29554 | Vaults:4 | Lost mutation: Your body has grown many eyes which may
                  | confuse attackers. (Acc +5) [Jiyva's grace]
 29554 | Vaults:4 | Lost mutation: Your rubbery body absorbs attacks. (AC +1,
                  | EV +1) [Jiyva's grace]
 29554 | Vaults:4 | Lost mutation: Your transparent skin significantly reduces
                  | your foes' accuracy. (Stealth+) [Jiyva's grace]
 29554 | Vaults:4 | Lost mutation: Your translucent skin reduces your foes'
                  | accuracy. (Stealth+) [Jiyva's grace]
 29554 | Vaults:4 | Lost mutation: You are covered in slimy tendrils that may
                  | disarm your opponents. [Jiyva's grace]
 29554 | Vaults:4 | Lost mutation: You passively dampen the noise of your
                  | surroundings. [Jiyva's grace]
 29554 | Vaults:4 | Gained mutation: Your mind is acute. (Int +4, Str/Dex -1)
                  | [Jiyva's grace]
 29554 | Vaults:4 | Gained mutation: Your mind is very acute. (Int +8, Str/Dex
                  | -2) [Jiyva's grace]
 29554 | Vaults:4 | Gained mutation: Your system is resistant to poisons.
                  | (rPois) [Jiyva's grace]
 29554 | Vaults:4 | Gained mutation: You have acidic saliva. [Jiyva's grace]
 29650 | Vaults:4 | Reached skill level 15 in Dodging
 30226 | Shoals:4 | Entered Level 4 of the Shoals
 30561 | Shoals:4 | Reached skill level 19 in Axes
 30561 | Shoals:4 | Paralysed by a sphinx for 3 turns
 30615 | Shoals:4 | Got a barnacled rune of Zot
 31319 | Elf:1    | Entered Level 1 of the Elven Halls
 31337 | Elf:1    | Reached XP level 20. HP: 173/173 MP: 19/19
 31459 | Elf:1    | Noticed Azrael
 31489 | Elf:1    | Killed Azrael
 31540 | Elf:1    | Reached skill level 15 in Shields
 31712 | Elf:1    | Found Lewosoc's General Store.
 32139 | Elf:1    | Lost mutation: You have sharp fingernails. [Jiyva's grace]
 32139 | Elf:1    | Lost mutation: Your flesh is almost immune to the effects
                  | of cold. (rC+++) [Jiyva's grace]
 32139 | Elf:1    | Lost mutation: You have acidic saliva. [Jiyva's grace]
 32139 | Elf:1    | Gained mutation: You are very agile. (Dex +8, Str/Int -2)
                  | [Jiyva's grace]
 32139 | Elf:1    | Gained mutation: You are extremely strong-willed. (Will+++)
                  | [Jiyva's grace]
 32139 | Elf:1    | Gained mutation: You have sharp toenails. [Jiyva's grace]
 32139 | Elf:1    | Gained mutation: You have razor-sharp toenails. [Jiyva's
                  | grace]
 32261 | Elf:2    | Paralysed by an air elemental for 1 turns
 32288 | Elf:2    | Paralysed by an air elemental for 1 turns
 32292 | Elf:2    | Paralysed by an air elemental for 1 turns
 32566 | Elf:2    | Found a runed translucent gate.
 32566 | Elf:2    | Found a runed translucent gate.
 32567 | Elf:2    | Found a runed translucent gate.
 33090 | Elf:3    | Entered Level 3 of the Elven Halls
 33170 | Elf:3    | Found Gojy's Assorted Antiques.
 33170 | Elf:3    | Found Keluucvae's Armour Shop.
 33243 | Elf:3    | Found Quaw Noc's General Store.
 33422 | Elf:3    | Identified the +0 glaive of Impermanence {vamp, rElec Str-5
                  | Dex+3}
 33738 | Elf:3    | Reached skill level 20 in Axes
 33747 | Elf:3    | Identified the ring of Lunur {Will+ AC+4}
 33782 | Elf:3    | Identified the +3 war axe "Ijuove" {heavy, rPois rN+ Int+3}
 33785 | Elf:3    | Identified the +6 quarterstaff "Gokoock" {heavy, Will+
                  | Int-3 Dex+4}
 33880 | Elf:3    | Identified the +3 dagger "Pomugudwasch" {holy, rPois rN+++
                  | Int-2 SInv}
 33922 | Elf:3    | Identified the +1 pair of gloves of Doutruqo {Dex+6}
 34508 | Depths:1 | Entered Level 1 of the Depths
 34620 | Depths:1 | Lost mutation: You have razor-sharp toenails. [Jiyva's
                  | grace]
 34620 | Depths:1 | Lost mutation: You are very agile. (Dex +8, Str/Int -2)
                  | [Jiyva's grace]
 34620 | Depths:1 | Lost mutation: You are agile. (Dex +4, Str/Int -1) [Jiyva's
                  | grace]
 34620 | Depths:1 | Lost mutation: Your body has grown eyes which may confuse
                  | attackers. (Acc +3) [Jiyva's grace]
 34620 | Depths:1 | Gained mutation: You are agile. (Dex +4, Str/Int -1)
                  | [Jiyva's grace]
 34620 | Depths:1 | Gained mutation: You are very agile. (Dex +8, Str/Int -2)
                  | [Jiyva's grace]
 34620 | Depths:1 | Gained mutation: Your muscles are strong. (Str +4, Int/Dex
                  | -1) [Jiyva's grace]
 34620 | Depths:1 | Gained mutation: Your muscles are very strong. (Str +8,
                  | Int/Dex -2) [Jiyva's grace]
 34633 | Depths:1 | Found a one-way gate leading to the halls of Pandemonium.
 34725 | Depths:1 | Reached XP level 21. HP: 182/182 MP: 20/20
 34870 | Depths:1 | Found a broken altar of Ashenzari.
 34929 | Depths:1 | Found a huge runed gate.
 34929 | Depths:1 | Found a huge runed gate.
 34929 | Depths:1 | Found a huge runed gate.
 34930 | Depths:1 | Found a huge runed gate.
 34932 | Depths:1 | Found a huge runed gate.
 34932 | Depths:1 | Found a huge runed gate.
 34932 | Depths:1 | Found a huge runed gate.
 34933 | Depths:1 | Found a huge runed gate.
 34933 | Depths:1 | Found a huge runed gate.
 34938 | Depths:1 | Found a huge runed gate.
 34938 | Depths:1 | Found a huge runed gate.
 34938 | Depths:1 | Found a huge runed gate.
 34938 | Depths:1 | Found a huge runed gate.
 34938 | Depths:1 | Found a huge runed gate.
 34938 | Depths:1 | Found a huge runed gate.
 34939 | Depths:1 | Found a huge runed gate.
 34940 | Depths:1 | Found a huge runed gate.
 34941 | Depths:1 | Found a huge runed gate.
 34950 | Depths:1 | Found a huge runed gate.
 34950 | Depths:1 | Found a huge runed gate.
 34950 | Depths:1 | Found a huge runed gate.
 34950 | Depths:1 | Found a huge runed gate.
 34950 | Depths:1 | Found a huge runed gate.
 34950 | Depths:1 | Found a huge runed gate.
 34951 | Depths:1 | Found a huge runed gate.
 34989 | Depths:1 | Found a gateway to Hell.
 35174 | Depths:1 | Found a huge runed gate.
 35175 | Depths:1 | Found a huge runed gate.
 35176 | Depths:1 | Found a huge runed gate.
 35177 | Depths:1 | Found a huge runed gate.
 35178 | Depths:1 | Found a huge runed gate.
 35179 | Depths:1 | Found a huge runed gate.
 35180 | Depths:1 | Found a huge runed gate.
 35181 | Depths:1 | Found a huge runed gate.
 35182 | Depths:1 | Found a huge runed gate.
 35203 | Depths:1 | Found a huge runed gate.
 35210 | Depths:1 | Found a huge runed gate.
 35362 | Depths:1 | Identified the +5 scimitar "Ficu" {vamp, Str+2 Int-5
                  | Stlth+}
 35476 | Depths:2 | Found a one-way gateway to a ziggurat.
 35524 | Depths:2 | Reached skill level 10 in Long Blades
 35707 | Depths:2 | Reached skill level 15 in Fighting
 36075 | Depths:2 | Lost mutation: You have sharp toenails. [Jiyva's grace]
 36075 | Depths:2 | Lost mutation: You are very agile. (Dex +8, Str/Int -2)
                  | [Jiyva's grace]
 36075 | Depths:2 | Lost mutation: Your flesh is very cold resistant. (rC++)
                  | [Jiyva's grace]
 36075 | Depths:2 | Lost mutation: You are extremely strong-willed. (Will+++)
                  | [Jiyva's grace]
 36075 | Depths:2 | Lost mutation: You are highly strong-willed. (Will++)
                  | [Jiyva's grace]
 36075 | Depths:2 | Lost mutation: Your muscles are very strong. (Str +8,
                  | Int/Dex -2) [Jiyva's grace]
 36075 | Depths:2 | Lost mutation: Your translucent skin slightly reduces your
                  | foes' accuracy. (Stealth+) [Jiyva's grace]
 36075 | Depths:2 | Lost mutation: You have a small jelly attached to you that
                  | may absorb projectiles. [Jiyva's grace]
 36075 | Depths:2 | Gained mutation: You have large cloven feet. [Jiyva's
                  | grace]
 36075 | Depths:2 | Gained mutation: You have hoof-like feet. [Jiyva's grace]
 36075 | Depths:2 | Gained mutation: You have hooves in place of feet. [Jiyva's
                  | grace]
 36075 | Depths:2 | Gained mutation: You have a small jelly attached to you
                  | that may absorb projectiles. [Jiyva's grace]
 36444 | Depths:3 | Reached skill level 21 in Axes
 36985 | Depths:3 | Found Obesap's Jewellery Boutique.
 36993 | Depths:3 | Bought the ring "Luomuut" {rElec Str+6 Int+3} for 844 gold
                  | pieces
 37053 | Depths:3 | Found Joxuasasu's Book Shop.
 37053 | Depths:3 | Found Daylyrucox's Jewellery Shoppe.
 37054 | Depths:3 | Found Rickuano's Book Shop.
 37062 | Depths:3 | Bought the amulet of Mybunty {Will+++ Regen+ rCorr Int-5
                  | Dex-4} for 775 gold pieces
 37290 | Depths:3 | Found a sparkling altar of Nemelex Xobeh.
 37401 | Depths:3 | Found a one-way gate to the infinite horrors of the Abyss.
 37475 | Depths:4 | Entered Level 4 of the Depths
 37516 | Depths:3 | Reached XP level 22. HP: 193/193 MP: 13/21
 37796 | Depths:4 | Found a gate to the Realm of Zot.
 37796 | Depths:4 | Noticed a golden dragon
 37812 | Depths:4 | Killed a golden dragon
 37999 | Depths:4 | Gained mutation: You passively map a small area around you.
                  | [Jiyva's grace]
 37999 | Depths:4 | Gained mutation: You passively map the area around you.
                  | [Jiyva's grace]
 37999 | Depths:4 | Gained mutation: You passively map a large area around you.
                  | [Jiyva's grace]
 37999 | Depths:4 | Gained mutation: You have hidden genetic potential.
                  | [Jiyva's grace]
 38042 | Depths:4 | Found Caex's Self-Improvement Boutique.
 38051 | Depths:4 | Bought a manual of Long Blades for 960 gold pieces
 38051 | Depths:4 | Bought a manual of Axes for 960 gold pieces
 38148 | Depths:4 | Found Jexawam's Changing Room.
 38194 | Depths:4 | Identified the +3 chain mail of Niys {rPois Str+8}
 39000 | Vaults:5 | Entered Level 5 of the Vaults
 39025 | Vaults:5 | Reached skill level 22 in Axes
 39131 | Vaults:5 | Got the Discursus on the Numb Switch
 39178 | Vaults:5 | Found the +2 hat of the Bear Spirit {Spirit, Bear, *Rage
                  | Will++}
 39180 | Vaults:5 | Identified the ring of Peneav {Str+3 Dex+6}
 39285 | Vaults:5 | Identified the +0 scale mail "Akacupnaa" {Will+ rCorr}
 39438 | Vaults:5 | Identified the ring "Wogonuif" {rPois Will+ Str+7}
 39488 | Vaults:5 | Noticed a golden dragon
 39494 | Vaults:5 | Killed a golden dragon
 39624 | Vaults:5 | Reached XP level 23. HP: 202/202 MP: 22/22
 39636 | Vaults:5 | Acquired 1003 gold pieces
 39936 | Vaults:5 | Reached skill level 23 in Axes
 40154 | Vaults:5 | Got Jiah's Improving Your Theurgy
 40158 | Vaults:5 | Got a silver rune of Zot
 40319 | Vaults:5 | Found Zapove's General Store.
 40338 | Vaults:5 | Bought a scroll of teleportation for 63 gold pieces
 40338 | Vaults:5 | Bought 2 scrolls of teleportation for 126 gold pieces
 40343 | Vaults:5 | Noticed an ancient lich
 40946 | Crypt:1  | Entered Level 1 of the Crypt
 41067 | Crypt:1  | Gained mutation: You expend magic power (3 MP) to
                  | strengthen your wands. [hidden potential]
 41508 | Crypt:1  | Found an ancient bone altar of Kikubaaqudgha.
 42131 | Crypt:2  | Lost mutation: You have hooves in place of feet. [Jiyva's
                  | grace]
 42131 | Crypt:2  | Lost mutation: You are strong-willed. (Will+) [Jiyva's
                  | grace]
 42131 | Crypt:2  | Gained mutation: You have acidic saliva. [Jiyva's grace]
 42131 | Crypt:2  | Gained mutation: You are very agile. (Dex +8, Str/Int -2)
                  | [Jiyva's grace]
 42131 | Crypt:2  | Gained mutation: Your spells are a little harder to cast,
                  | but a little more powerful. [Jiyva's grace]
 42131 | Crypt:2  | Gained mutation: Your spells are harder to cast, but more
                  | powerful. [Jiyva's grace]
 42199 | Crypt:2  | Reached skill level 15 in Long Blades
 42488 | Crypt:2  | Identified the +10 spear "Ziwnanoa" {vamp, Int+3}
 43155 | Crypt:3  | Entered Level 3 of the Crypt
 43227 | Crypt:3  | Reached skill level 24 in Axes
 43254 | Crypt:3  | Found an ancient bone altar of Kikubaaqudgha.
 43329 | Crypt:3  | Noticed an ancient lich
 43337 | Crypt:3  | Killed an ancient lich
 43512 | Crypt:3  | Acquired the ring of the Tortoise {AC+8}
 43512 | Crypt:3  | Found the ring of the Tortoise {AC+8}
 43658 | Crypt:3  | Noticed a dread lich
 43660 | Crypt:3  | Found the +7 great mace "Undeadhunter" {deathbane, rN+}
 43662 | Crypt:3  | Noticed an ancient lich
 43670 | Crypt:3  | Killed an ancient lich
 43671 | Crypt:3  | Reached XP level 24. HP: 212/214 MP: 22/22
 43675 | Crypt:3  | Identified the +1 plate armour of Imocsef {Str+5 Int-4}
 43678 | Crypt:3  | Killed a dread lich
 43684 | Crypt:3  | Identified the +3 leather armour of Generosity {-Tele MP+9
                  | Int+3 SInv}
 43692 | Crypt:3  | Got the Guidebook on the Black Widow and Teratogeny
 43864 | Crypt:3  | Found a staircase to the Tomb.
 43971 | Crypt:3  | Lost mutation: You have hoof-like feet. [Jiyva's grace]
 43971 | Crypt:3  | Lost mutation: You are very agile. (Dex +8, Str/Int -2)
                  | [Jiyva's grace]
 43971 | Crypt:3  | Lost mutation: You passively map a large area around you.
                  | [Jiyva's grace]
 43971 | Crypt:3  | Lost mutation: Your spells are harder to cast, but more
                  | powerful. [Jiyva's grace]
 43971 | Crypt:3  | Lost mutation: You expend magic power (3 MP) to strengthen
                  | your wands. [Jiyva's grace]
 43971 | Crypt:3  | Gained mutation: You are robust. (+10% HP) [Jiyva's grace]
 43971 | Crypt:3  | Gained mutation: You are very robust. (+20% HP) [Jiyva's
                  | grace]
 43971 | Crypt:3  | Gained mutation: You are extremely robust. (+30% HP)
                  | [Jiyva's grace]
 43971 | Crypt:3  | Gained mutation: Your muscles are very strong. (Str +8,
                  | Int/Dex -2) [Jiyva's grace]
 44616 | Depths:3 | Voluntarily entered the Abyss.
 45330 | Abyss:1  | Paralysed by you for 2 turns
 45464 | Abyss:1  | Paralysed by accursed screaming for 2 turns
 45496 | Abyss:1  | Gained mutation: You are vulnerable to heat. (rF-) [a
                  | neqoxec]
 45528 | Abyss:1  | Found a corrupted altar of Lugonu.
 45539 | Abyss:1  | Found a corrupted altar of Lugonu.
 45573 | Abyss:1  | Gained mutation: You are strong-willed. (Will+) [hidden
                  | potential]
 45573 | Abyss:1  | Lost mutation: You have hidden genetic potential. [hidden
                  | potential expressed]
 45628 | Abyss:1  | Found a corrupted altar of Lugonu.
 45629 | Abyss:1  | Found a corrupted altar of Lugonu.
 45629 | Abyss:1  | Found a corrupted altar of Lugonu.
 45825 | Abyss:1  | Reached skill level 25 in Axes
 45847 | Abyss:1  | Lost mutation: You are agile. (Dex +4, Str/Int -1) [Jiyva's
                  | grace]
 45847 | Abyss:1  | Lost mutation: Your mind is very acute. (Int +8, Str/Dex
                  | -2) [Jiyva's grace]
 45847 | Abyss:1  | Lost mutation: You passively map the area around you.
                  | [Jiyva's grace]
 45847 | Abyss:1  | Lost mutation: You are extremely robust. (+30% HP) [Jiyva's
                  | grace]
 45847 | Abyss:1  | Lost mutation: You are very robust. (+20% HP) [Jiyva's
                  | grace]
 45847 | Abyss:1  | Lost mutation: Your muscles are very strong. (Str +8,
                  | Int/Dex -2) [Jiyva's grace]
 45847 | Abyss:1  | Lost mutation: Your spells are a little harder to cast, but
                  | a little more powerful. [Jiyva's grace]
 45847 | Abyss:1  | Lost mutation: You have a small jelly attached to you that
                  | may absorb projectiles. [Jiyva's grace]
 45847 | Abyss:1  | Lost mutation: You are vulnerable to heat. (rF-) [Jiyva's
                  | grace]
 45847 | Abyss:1  | Gained mutation: You have a small jelly attached to you
                  | that may absorb projectiles. [Jiyva's grace]
 45847 | Abyss:1  | Gained mutation: You possess an exceptional clarity of
                  | mind. [Jiyva's grace]
 45847 | Abyss:1  | Gained mutation: You passively dampen the noise of your
                  | surroundings. [Jiyva's grace]
 45847 | Abyss:1  | Gained mutation: Your muscles are very strong. (Str +8,
                  | Int/Dex -2) [Jiyva's grace]
 46257 | Abyss:1  | Found a corrupted altar of Lugonu.
 46315 | Abyss:1  | Found a corrupted altar of Lugonu.
 46336 | Abyss:1  | Found a corrupted altar of Lugonu.
 46346 | Abyss:1  | Found a corrupted altar of Lugonu.
 46370 | Abyss:1  | Found a corrupted altar of Lugonu.
 46372 | Abyss:1  | Found a corrupted altar of Lugonu.
 46411 | Abyss:1  | Found a corrupted altar of Lugonu.
 46412 | Abyss:1  | Found a corrupted altar of Lugonu.
 46412 | Abyss:1  | Found a corrupted altar of Lugonu.
 46452 | Abyss:1  | Found a corrupted altar of Lugonu.
 46453 | Abyss:1  | Found a corrupted altar of Lugonu.
 46574 | Abyss:2  | Lost mutation: You are strong-willed. (Will+) [Jiyva's
                  | grace]
 46574 | Abyss:2  | Lost mutation: You passively map a small area around you.
                  | [Jiyva's grace]
 46574 | Abyss:2  | Lost mutation: Your muscles are very strong. (Str +8,
                  | Int/Dex -2) [Jiyva's grace]
 46574 | Abyss:2  | Lost mutation: You have a small jelly attached to you that
                  | may absorb projectiles. [Jiyva's grace]
 46574 | Abyss:2  | Gained mutation: You expend magic power (3 MP) to
                  | strengthen your wands. [Jiyva's grace]
 46574 | Abyss:2  | Gained mutation: You are strong-willed. (Will+) [Jiyva's
                  | grace]
 46574 | Abyss:2  | Gained mutation: You are highly strong-willed. (Will++)
                  | [Jiyva's grace]
 46574 | Abyss:2  | Gained mutation: You are extremely strong-willed. (Will+++)
                  | [Jiyva's grace]
 46855 | Abyss:3  | Found a corrupted altar of Lugonu.
 46857 | Abyss:3  | Found a corrupted altar of Lugonu.
 46868 | Abyss:3  | Reached skill level 15 in Evocations
 47437 | Abyss:3  | Got an abyssal rune of Zot
 47455 | Abyss:3  | Found a corrupted altar of Lugonu.
 47515 | Depths:3 | Escaped the Abyss
 47567 | Hell     | Entered the Vestibule of Hell
 47567 | Hell     | Noticed Geryon
 48221 | Hell     | Killed Geryon
 48265 | Hell     | Found a gateway to the ashen valley of Gehenna.
 48350 | Hell     | Found a gateway to the Iron City of Dis.
 48472 | Hell     | Found a gateway to the freezing wastes of Cocytus.
 48489 | Hell     | Reached skill level 10 in Stealth
 48506 | Hell     | Reached XP level 25. HP: 61/208 MP: 7/22
 48650 | Hell     | Lost mutation: Your mind is acute. (Int +4, Str/Dex -1)
                  | [Jiyva's grace]
 48650 | Hell     | Gained mutation: Your natural rate of healing is unusually
                  | fast. [Jiyva's grace]
 48650 | Hell     | Gained mutation: You heal very quickly. [Jiyva's grace]
 48650 | Hell     | Gained mutation: You regenerate. [Jiyva's grace]
 48650 | Hell     | Gained mutation: Your flesh is very cold resistant. (rC++)
                  | [Jiyva's grace]
 48658 | Hell     | Found a gateway to the decaying netherworld of Tartarus.
 48810 | Zot:1    | Entered Level 1 of the Realm of Zot
 49877 | Zot:2    | Found a transporter.
 49884 | Zot:2    | Noticed an ancient lich
 50050 | Zot:2    | Found a transporter.
 50072 | Zot:2    | You are sucked into a shaft and drop 2 floors!
 50131 | Zot:2    | Lost mutation: You possess an exceptional clarity of mind.
                  | [Jiyva's grace]
 50131 | Zot:2    | Lost mutation: Your flesh is very cold resistant. (rC++)
                  | [Jiyva's grace]
 50131 | Zot:2    | Lost mutation: You are extremely strong-willed. (Will+++)
                  | [Jiyva's grace]
 50131 | Zot:2    | Lost mutation: You regenerate. [Jiyva's grace]
 50131 | Zot:2    | Lost mutation: You are robust. (+10% HP) [Jiyva's grace]
 50131 | Zot:2    | Gained mutation: Your translucent skin slightly reduces
                  | your foes' accuracy. (Stealth+) [Jiyva's grace]
 50131 | Zot:2    | Gained mutation: Your translucent skin reduces your foes'
                  | accuracy. (Stealth+) [Jiyva's grace]
 50131 | Zot:2    | Gained mutation: Your transparent skin significantly
                  | reduces your foes' accuracy. (Stealth+) [Jiyva's grace]
 50131 | Zot:2    | Gained mutation: Your muscles are very strong. (Str +8,
                  | Int/Dex -2) [Jiyva's grace]
 50491 | Zot:2    | Noticed Ris Kia's ghost (legendary MiFi)
 50619 | Zot:3    | Identified the +1 robe of Analysis {*Corrode rF+ rN+
                  | Regen+}
 50959 | Zot:3    | Noticed a shard shrike
 50976 | Zot:3    | Killed a shard shrike
 51046 | Zot:3    | Noticed a shard shrike
 51056 | Zot:3    | Killed a shard shrike
 51132 | Zot:3    | Reached skill level 26 in Axes
 52569 | Zot:5    | Entered Level 5 of the Realm of Zot
 52927 | Zot:5    | Noticed an orb of fire
 52933 | Zot:5    | Noticed an orb of fire
 52934 | Zot:5    | Noticed an ancient lich
 52935 | Zot:5    | Noticed an orb of fire
 52935 | Zot:5    | Lost mutation: You heal very quickly. [an orb of fire]
 52935 | Zot:5    | Noticed a Killer Klown
 52939 | Zot:5    | Noticed a Killer Klown
 52946 | Zot:5    | Lost mutation: Your muscles are very strong. (Str +8,
                  | Int/Dex -2) [an orb of fire]
 52948 | Zot:5    | Gained mutation: You have hidden genetic defects. [an orb
                  | of fire]
 52968 | Zot:5    | Gained mutation: Armour fits poorly on your strangely
                  | shaped body. [an orb of fire]
 52970 | Zot:5    | Gained mutation: You are frail. (-10% HP) [an orb of fire]
 52973 | Zot:4    | Gained mutation: Your magical capacity is low. (-10% MP)
                  | [an orb of fire]
 52975 | Zot:4    | Lost mutation: Your muscles are strong. (Str +4, Int/Dex
                  | -1) [an orb of fire]
 52975 | Zot:4    | Gained mutation: You are occasionally teleported next to
                  | monsters. [an orb of fire]
 52976 | Zot:4    | Gained mutation: You are clumsy. (Dex -2) [an orb of fire]
 52978 | Zot:4    | Gained mutation: Your magical capacity is very low. (-20%
                  | MP) [an orb of fire]
 52979 | Zot:4    | Killed an orb of fire
 52982 | Zot:4    | Killed an orb of fire
 52993 | Zot:4    | Killed an orb of fire
 53006 | Zot:4    | Lost mutation: You have large cloven feet. [potion of
                  | mutation]
 53006 | Zot:4    | Lost mutation: You are clumsy. (Dex -2) [potion of
                  | mutation]
 53006 | Zot:4    | Lost mutation: You have acidic saliva. [potion of mutation]
 53006 | Zot:4    | Lost mutation: Your flesh is cold resistant. (rC+) [potion
                  | of mutation]
 53006 | Zot:4    | Gained mutation: You have sharp toenails. [potion of
                  | mutation]
 53007 | Zot:4    | Lost mutation: You expend magic power (3 MP) to strengthen
                  | your wands. [potion of mutation]
 53007 | Zot:4    | Lost mutation: Your magical capacity is very low. (-20% MP)
                  | [potion of mutation]
 53007 | Zot:4    | Lost mutation: Your system is resistant to poisons. (rPois)
                  | [potion of mutation]
 53008 | Zot:4    | Lost mutation: You are highly strong-willed. (Will++)
                  | [potion of mutation]
 53008 | Zot:4    | Lost mutation: Your magical capacity is low. (-10% MP)
                  | [potion of mutation]
 53008 | Zot:4    | Lost mutation: You are occasionally teleported next to
                  | monsters. [potion of mutation]
 53008 | Zot:4    | Lost mutation: You have hidden genetic defects. [potion of
                  | mutation]
 53008 | Zot:4    | Gained mutation: You occasionally shout uncontrollably at
                  | your foes. [potion of mutation]
 53009 | Zot:4    | Lost mutation: You occasionally shout uncontrollably at
                  | your foes. [potion of mutation]
 53009 | Zot:4    | Lost mutation: You have sharp toenails. [potion of
                  | mutation]
 53009 | Zot:4    | Lost mutation: You passively dampen the noise of your
                  | surroundings. [potion of mutation]
 53009 | Zot:4    | Lost mutation: You are strong-willed. (Will+) [potion of
                  | mutation]
 53010 | Zot:4    | Lost mutation: Armour fits poorly on your strangely shaped
                  | body. [potion of mutation]
 53010 | Zot:4    | Lost mutation: Your transparent skin significantly reduces
                  | your foes' accuracy. (Stealth+) [potion of mutation]
 53010 | Zot:4    | Lost mutation: You are frail. (-10% HP) [potion of
                  | mutation]
 53010 | Zot:4    | Gained mutation: Your muscles are strong. (Str +4, Int/Dex
                  | -1) [potion of mutation]
 53010 | Zot:4    | Gained mutation: You have a pair of large horns on your
                  | head. [potion of mutation]
 53010 | Zot:4    | Gained mutation: You are partially covered in iridescent
                  | scales. (AC +2) [potion of mutation]
 53016 | Zot:5    | Killed a Killer Klown
 53017 | Zot:5    | Reached XP level 26. HP: 231/233 MP: 22/22
 53023 | Zot:5    | Killed an ancient lich
 53228 | Zot:5    | Noticed a dread lich
 53229 | Zot:5    | Noticed an orb of fire
 53229 | Zot:5    | Noticed an orb of fire
 53241 | Zot:5    | Gained mutation: You have a somewhat thin skeletal
                  | structure. (Dex +2, Stealth+) [an orb of fire]
 53256 | Zot:4    | Gained mutation: You are dopey. (Int -2) [an orb of fire]
 53260 | Zot:4    | Lost mutation: You have a somewhat thin skeletal structure.
                  | (Dex +2, Stealth+) [an orb of fire]
 53262 | Zot:4    | Killed an orb of fire
 53376 | Zot:4    | Gained mutation: Your spells are a little easier to cast,
                  | but a little less powerful. [an orb of fire]
 53377 | Zot:4    | Gained mutation: Armour fits poorly on your strangely
                  | shaped body. [an orb of fire]
 53378 | Zot:4    | Killed a dread lich
 53411 | Zot:4    | Killed an orb of fire
 53487 | Zot:5    | Noticed a dread lich
 53498 | Zot:5    | Killed a dread lich
 53564 | Zot:5    | Noticed an ancient lich
 53574 | Zot:5    | Killed an ancient lich
 53635 | Zot:5    | Lost mutation: You have a pair of large horns on your head.
                  | [Jiyva's grace]
 53635 | Zot:5    | Lost mutation: Armour fits poorly on your strangely shaped
                  | body. [Jiyva's grace]
 53635 | Zot:5    | Lost mutation: Your translucent skin reduces your foes'
                  | accuracy. (Stealth+) [Jiyva's grace]
 53635 | Zot:5    | Lost mutation: Your spells are a little easier to cast, but
                  | a little less powerful. [Jiyva's grace]
 53635 | Zot:5    | Gained mutation: You expend magic power (3 MP) to
                  | strengthen your wands. [Jiyva's grace]
 53635 | Zot:5    | Gained mutation: Your flesh is heat resistant. (rF+)
                  | [Jiyva's grace]
 53635 | Zot:5    | Gained mutation: Your flesh is very heat resistant. (rF++)
                  | [Jiyva's grace]
 53635 | Zot:5    | Gained mutation: Your flesh is almost immune to the effects
                  | of heat. (rF+++) [Jiyva's grace]
 53805 | Zot:5    | Got the Orb of Zot
 53807 | Zot:5    | Noticed Aregh the pandemonium lord
 53817 | Zot:5    | Killed Aregh the pandemonium lord
 53953 | Zot:1    | Lost mutation: You are dopey. (Int -2) [a cacodemon]
 54226 | D:11     | Noticed Fosobusch the pandemonium lord
 54401 | D:$      | Escaped with the Orb!

Illustrated notes

Levels and vault maps discovered:
D:1:      minmay_arrival_four_circles, layout_basic
D:2:      layout_loops_ring, serial_shops, shop,
          nicolae_ecumenical_snake_handling, minmay_crystal_water, uniq_sigmund,
          uniq_natasha, uniq_terence
D:3:      layout_basic, uniq_grinder
D:4:      layout_rooms, uniq_crazy_yiuf_cottage, uniq_pikel, uniq_eustachio
D:5:      layout_loops_ring, minitemple, minmay_temple_entry_poolview,
          uniq_edmund
D:6:      minmay_inner_zag, layout_loops_ring, hangedman_abyss_or_decor_passed
D:7:      layout_loops_ring, uniq_duvessa
D:8:      layout_basic, serial_shops, nicolae_shop_hallway_plus,
          supply_closet_lemuel, uniq_maggie, uniq_joseph, uniq_grum
D:9:      layout_gridville, mainiacjoe_overflow_boulevard, david_orc_4
D:10:     minmay_razor_zed, layout_basic, dpeg_lair_monsters
D:11:     layout_loops_corners, nicolae_trove_entry_diagonal, vehumet_statue
D:12:     layout_basic, nicolae_wu_jian_wuxing_cycle, uniq_frances
D:13:     layout_roguey [special_room_bee], grunt_vaults_entry_fortified,
          fedhas_altar_4
D:14:     cheibrodos_fzero, layout_long_grid, nicolae_wwwww,
          nicolae_gozag_cash_rules_everything_around_me
D:15:     hangedman_depths_entry_try_elsewhere_first, layout_basic,
          nrook_mini_vaults
Lair:1:   wad_woods_structure_01, layout_chaotic_city, gauntlet_entry_generic,
          serial_forest, infiniplex_forest_pool, infiniplex_forest_corner_1,
          infiniplex_forest_split, infiniplex_forest_split,
          infiniplex_forest_lined_1, infiniplex_forest_lined_room_3,
          infiniplex_forest_corner_2
Lair:2:   layout_hall_layers, elwin_shoals_entry_rooms,
          hellmonk_spider_entry_life_and_decay
Lair:3:   cheibrodos_lair_overgrown_chateau, layout_cave_shapes, st_stairs_13,
          pond, serial_bayou_shore_b, lemuel_fruit_tree, lemuel_fruit_fields
Lair:4:   layout_loops_ring, minmay_slime_entry_oklob_open,
          dreamdust_deal_with_the_devil, serial_bayou_pond_a
Lair:5:   guppyfry_lair_end_dragon, layout_layer_cave, wormcave
Shoals:1: layout_shoals, nicolae_shop_vocational, uniq_nikola, uniq_kirke
Shoals:2: layout_shoals, nicolae_shoals_lost_giant_amphitheater,
          nicolae_shop_gadgets
Shoals:3: layout_shoals, nicolae_shoals_pincushion_passage, uniq_ilsuiw,
          uniq_polyphemus
Shoals:4: shoals_end_hellmonk_lost_city
Spider:1: layout_chambers, nicolae_crawler_farm
Spider:2: layout_spider_delve, nicolae_spider_world_wide_web, uniq_louise
Spider:3: layout_spider_delve, nicolae_spider_baby_got_redback
Spider:4: grunt_spider_rune_circles, uniq_arachne
Slime:1:  layout_caves
Slime:2:  layout_caves, nicolae_slime_phagocytosis
Slime:3:  layout_caves, cheibrodos_slime_lost_civilization_6
Slime:4:  layout_caves, basic_altar
Slime:5
Orc:1:    layout_caves, mines2_lemuel, uniq_jorgrun
Orc:2:    kennysheep_orc_mage_school, layout_diamond_mine, serial_shops,
          nicolae_shop_temple_entry_statues_fountains
Elf:1:    eino_elf_arrival_customs, layout_geoelf_octagon, serial_shops,
          nicolae_shop_hallway_stairs, hangedman_elf_represent,
          grunt_ministairs_15, uniq_azrael
Elf:2:    elven_hall_of_blades_hangedman_original
          [nicolae_blade_entry_sentries_behind_glass], layout_rooms,
          minmay_misc_feat_columns
Elf:3:    minmay_elf_hall_furrowed, layout_geoelf_grid, serial_shops,
          nicolae_shop_crystal, minmay_shoptagon
Vaults:1: nicolae_vaults_inception_scallops, hangedman_vaults_nodes,
          v_pattern_2, ontoclasm_vaults_decontamination, ontoclasm_vaults_fault,
          grunt_vaults_hallway_short, st_cross, ontoclasm_vaults_pinch,
          layout_vaults_big_room, serial_shops, shop, uniq_asterion
Vaults:2: mu_enter_wizlab_5, nicolae_vaults_ninety_degrees,
          ontoclasm_vaults_spin, nicolae_vaults_yaktaur_gun_rack,
          ontoclasm_vaults_chip, nicolae_vaults_rhombus_5,
          hangedman_vaults_slither, nicolae_vaults_sealed_display,
          vaults_room_grid, nicolae_vaults_little_squares_1,
          vaults_dpeg_diagonal, nicolae_vaults_circle_grid_a,
          layout_vaults_omnicross
Vaults:3: v_misc_22, v_alt_pattern_3, minmay_crypt_entry_simple_walls,
          vaults_mumra_hex, vaults_dpeg_cross, hangedman_vaults_trim,
          vaults_mumra_hexcomb, layout_vaults_omnigrid, uniq_margery,
          uniq_zenata
Vaults:4: v_rooms_1, nicolae_vaults_lopsided_apartments,
          nicolae_vaults_triangles, nicolae_vaults_what_the_h,
          nicolae_vaults_little_squares_4, v_rooms_2, hangedman_vaults_snaps,
          vaults_mumra_lcd, layout_vaults_omnibox
Vaults:5
Crypt:1:  layout_gridlike, lemuel_mausoleum_altar_kikubaaqudgha,
          grunt_megastairs_3
Crypt:2:  layout_misc_corridors, grunt_megastairs_1
Crypt:3:  david_glass_crypt, layout_chaotic_city,
          nicolae_tomb_entry_unfolded_pyramid_diagonal, basic_altar
Depths:1: layout_roguey, pf_hell_entry_great_geh, rand_demon_pan_entry_9,
          minmay_holes, hangedman_decor_lopped, not_door_vault_mu,
          hangedman_decor_growths, nicolae_lava_and_water, drop_trap,
          ashenzari_conservatory_becter
Depths:2: nooodl_glass_maze, layout_gridlike, enter_ziggurat_f,
          rand_demon_pan_entry_8, lightli_too_deep
Depths:3: dreamdust_merry_men, layout_basic, abyss_entry_small_statue_room,
          serial_shops, kennysheep_mini_moat, hell_entry,
          nemelex_lonely_heart_becter, drop_trap, minmay_fountain_box,
          skrybe_limestone_x, infiniplex_staircase_diamond, minmay_shop_grove
Depths:4: grunt_zot_entry_tricorne, layout_cave_pools, pan_entry,
          pf_hell_entry_tar_spiral, kennysheep_crisscross,
          nicolae_transmutations_shop, nicolae_shop_self_help
Hell
Zot:1:    layout_basic
Zot:2:    layout_concentric_octagons, gammafunk_ghost_mausoleum,
          nicolae_zot_crop_circle
Zot:3:    minmay_elemental_castle, layout_twisted_circle,
          st_single_dragon_hoard_1
Zot:4:    layout_concentric_octagons
Zot:5:    layout_misc_corridors

Skill      XL: |  1  2  3  4  5  6  7  8  9 10 11 12 13 14 15 16 17 18 19 20 21 22 23 24 25 26 |
---------------+-------------------------------------------------------------------------------+-----
Maces & Flails | 4 5 6 7 9 10 12 13 15 16 17 | 17.5
Armour         | 1 2 3 4 6 8 9 11 12 13 14 15 16 17 18 19 20 21 | 21.7
Dodging        | 4 5 6 7 9 10 11 12 13 14 15 16 17 18 19 20 21 | 21.0
Fighting       | 3 4 5 6 7 8 9 10 11 12 13 14 15 16 17 18 19 | 19.1
Stealth        | 1 2 4 5 6 7 9 10 11 | 11.5
Evocations     | 1 2 3 4 5 6 7 8 9 10 11 12 13 14 15 16 | 16.1
Shields        | 3 5 8 9 10 11 12 13 14 16 17 18 19 20 | 20.7
Long Blades    | 2 5 7 8 9 11 12 16 17 18 19 | 19.3
Axes           | 6 10 13 15 17 19 20 21 22 24 25 26 | 26.9
Polearms       | 1 |  1.9
Throwing       | |  2.3

Action                     |  1- 3 |  4- 6 |  7- 9 | 10-12 | 13-15 | 16-18 | 19-21 | 22-24 | 25-27 || total
---------------------------+-------+-------+-------+-------+-------+-------+-------+-------+-------++-------
  Melee: Flail             |    41 |    78 |   238 |   519 |   512 |       |       |       |       ||  1388
         Headbutt          |     9 |    18 |    57 |   177 |   375 |   506 |   462 |   675 |   260 ||  2539
         Punch             |       |       |     2 |     1 |       |       |       |       |       ||     3
         Whip              |       |       |    72 |   133 |       |       |       |       |       ||   205
         Kick              |       |       |    47 |   237 |   472 |       |    57 |   486 |       ||  1299
         Bite              |       |       |       |     5 |   177 |    61 |    54 |   264 |    76 ||   637
         Hand axe          |       |       |       |       |   404 |       |       |       |       ||   404
         Trident           |       |       |       |       |    34 |       |       |       |       ||    34
         Broad axe         |       |       |       |       |   236 |  1545 |  1371 |  1678 |   830 ||  5660
         Double sword      |       |       |       |       |       |       |   117 |   385 |       ||   502
 Invoke: Oozemancy         |       |       |       |       |       |     1 |       |       |       ||     1
         Slimify           |       |       |       |       |       |       |       |       |     1 ||     1
  Evoke: Wand              |       |     1 |     1 |       |     2 |       |     4 |       |     2 ||    10
         Condenser vane    |       |       |       |     1 |     1 |     4 |     6 |     3 |     1 ||    16
         Phantom mirror    |       |       |       |       |       |       |     2 |     1 |     3 ||     6
         Box of beasts     |       |       |       |       |       |       |       |     2 |     3 ||     5
         Horn of Geryon    |       |       |       |       |       |       |       |       |     2 ||     2
    Use: Scroll            |     3 |     5 |     1 |     2 |     8 |     5 |     6 |     5 |     2 ||    37
         Potion            |     1 |     5 |     5 |     4 |     3 |     2 |     1 |     1 |     5 ||    27
   Stab: Sleeping          |       |       |       |     1 |     7 |       |     2 |     9 |     8 ||    27
         Distracted        |       |       |       |     1 |     1 |       |     7 |    15 |     4 ||    28
         Invisible         |       |       |       |     1 |       |       |       |       |       ||     1
         Confused          |       |       |       |       |    55 |   140 |    28 |       |       ||   223
         Petrified         |       |       |       |       |     1 |       |       |       |       ||     1
         Paralysed         |       |       |       |       |       |       |       |     1 |       ||     1
 Armour: Ring mail         |    23 |    15 |       |       |       |       |       |       |       ||    38
         Leather armour    |     1 |       |       |       |       |       |       |       |       ||     1
         Chain mail        |       |    12 |   197 |   414 |   429 |       |       |       |       ||  1052
         Plate armour      |       |       |       |       |    40 |   668 |   295 |       |       ||  1003
         Troll leather arm |       |       |       |       |       |       |   105 |   782 |   219 ||  1106
  Dodge: Dodged            |    37 |    35 |   143 |   372 |   503 |   597 |   778 |  1709 |   580 ||  4754
  Block: Kite shield       |       |       |       |   186 |   831 |    91 |   578 |  2228 |   617 ||  4531
         Reflection        |       |       |       |       |    33 |    78 |   177 |    24 |     6 ||   318
         Tower shield      |       |       |       |       |       |  1702 |  1190 |       |       ||  2892

Table legend: (Time is in decaauts)
 A = Elapsed time spent in this place.
 B = Non-inter-level travel time spent in this place.
 C = Inter-level travel time spent in this place.
 D = Time resting spent in this place.
 E = Time spent auto-exploring this place.
 F = Levels seen in this place.
 G = Mean time per level.
                   A        B        C        D        E       F      G
               +--------+--------+--------+--------+--------+-----+--------+
         Total |  53788 |  47906 |   5882 |   2363 |  32091 |  60 |  896.5 |
       Dungeon |  12772 |  10604 |   2168 |    227 |   8080 |  15 |  851.5 |
          Lair |   6509 |   5683 |    826 |    442 |   3977 |   5 | 1301.8 |
        Shoals |   3394 |   3152 |    242 |      0 |   2125 |   4 |  848.5 |
   Spider Nest |   3880 |   3554 |    326 |      0 |   2353 |   4 |  970.0 |
    Slime Pits |    205 |     65 |    140 |      0 |     49 |   5 |   41.0 |
  Orcish Mines |    987 |    781 |    206 |      0 |    558 |   2 |  493.5 |
   Elven Halls |   2828 |   2688 |    140 |      0 |   1803 |   3 |  942.7 |
        Vaults |   6629 |   5711 |    918 |    177 |   3923 |   5 | 1325.8 |
         Crypt |   3249 |   3160 |     89 |    706 |   1705 |   3 | 1083.0 |
        Depths |   4156 |   3768 |    388 |    119 |   2705 |   4 | 1039.0 |
          Hell |    835 |    808 |     27 |      0 |    297 |   1 |  835.0 |
           Zot |   5114 |   4705 |    409 |    416 |   3136 |   5 | 1022.8 |
         Abyss |   2831 |   2831 |      0 |    273 |   1149 |   3 |  943.7 |
      Gauntlet |    392 |    392 |      0 |      0 |    228 |   1 |  392.0 |
               +--------+--------+--------+--------+--------+-----+--------+

Top non-repeatable levels by time:
  Lair:1: 1996 daAuts
 Abyss:1: 1931 daAuts
  Lair:5: 1504 daAuts
Vaults:3: 1496 daAuts
Depths:3: 1425 daAuts
    D:10: 1414 daAuts
Vaults:5: 1397 daAuts
    D:11: 1358 daAuts
Vaults:1: 1345 daAuts
    D:13: 1287 daAuts
 Crypt:1: 1251 daAuts
Vaults:2: 1210 daAuts
   Zot:3: 1206 daAuts
Vaults:4: 1180 daAuts
Spider:1: 1172 daAuts
